 Dungeon Crawl Stone Soup version 0.20-a0-256-gabb291d (webtiles) character file.

1125478 Raws the Demonic Arbalest (level 27, -2/254 HPs)
             Began as a Demonspawn Hunter on Nov 30, 2016.
             Was a High Priest of Qazlal.
             Slain by a ghost moth (13 damage)
             ... on level 24 of a ziggurat on Dec 1, 2016.
             The game lasted 05:23:39 (112618 turns).

Raws the Demonic Arbalest (Demonspawn Hunter)     Turns: 112618, Time: 05:23:40

Health: -2/254     AC: 11    Str: 28      XL:     27
Magic:  0/47       EV: 16    Int: 13      God:    Qazlal [*****.]
Gold:   11181      SH:  0    Dex: 22 (23) Spells: 29/66 levels left

rFire  + + .     SeeInvis .     H - +9 hand crossbow (flame)
rCold  + + +     Gourm    .     d - +2 scale mail of Focus {rN+ Regen+ Slay+6 Stlth-}
rNeg   + + +     Faith    .     l - +5 shield {rC+ rF+}
rPois  ∞         Spirit   +     M - +1 helmet "Enaze" {rF+ MR+ Str+6 Int-2}
rElec  +         Reflect  .     u - +1 cloak of the Bull {Str+7}
rCorr  +         Harm     .     (gloves unavailable)
MR     +++++                    t - +1 pair of boots of Vyafe {rPois MR+ Str-4}
Stlth  ..........               N - amulet "Rekur" {Spirit rElec rN+ Dex+3 Slay+4}
                                P - ring of Eklar {Wiz rN+ MR+}
                                S - ring of resist corrosion

@: confused, lich-form, grasped by roots, protected from physical damage,
corroded, very slightly contaminated, slowed, deflect missiles, very slow
A: claws 3, rugged brown scales 3, agile 1, cold resistance 1, demonic guardian
3, passive freeze, powered by death 3, slow regeneration 1, freezing cloud
immunity
}: 6/15 runes: decaying, serpentine, slimy, silver, golden, demonic
a: End Transformation, Upheaval, Elemental Force, Disaster Area, Renounce
Religion


You were on level 24 of a ziggurat.
You worshipped Qazlal.
Qazlal was extremely pleased with you.
You were not hungry.
You were a lich.
You visited 15 branches of the dungeon, and saw 63 of its levels.
You visited Pandemonium 1 time, and saw 10 of its levels.
You visited the Abyss 1 time.
You visited 1 bazaar.
You visited 2 ziggurats, and saw 42 of their levels (deepest: 24).
You also visited: Trove and Ice Cave.

You collected 14732 gold pieces.
You spent 3551 gold pieces at shops.

Inventory:

Hand Weapons
 h - a +9 vampiric eveningstar
 H - a +9 hand crossbow of flaming (weapon)
 R - a +4 double sword of freezing
Missiles
 s - 591 bolts (quivered)
Armour
 d - the +2 scale mail of Focus (worn) {rN+ Regen+ Slay+6 Stlth-}
   (Okawaru gifted it to you on level 1 of the Snake Pit)

   It affects your accuracy and damage with ranged weapons and melee attacks
   (+6).
   It protects you from negative energy.
   It increases your rate of regeneration.
   It makes you less stealthy.
 e - a +1 pair of boots of running
 l - a +5 shield of resistance (worn)
 r - the +13 plate armour of Mezcal {rF+ MR+ Stlth+}
   (You found it on level 14 of a ziggurat)

   It protects you from fire.
   It affects your resistance to hostile enchantments.
   It makes you more stealthy.
 t - the +1 pair of boots of Vyafe (worn) {rPois MR+ Str-4}
   (Okawaru gifted it to you on level 5 of the Depths)

   It affects your strength (-4).
   It protects you from poison.
   It affects your resistance to hostile enchantments.
 u - the +1 cloak of the Bull (worn) {Str+7}
   (You found it on level 5 of the Depths)

   It affects your strength (+7).
 M - the +1 helmet "Enaze" (worn) {rF+ MR+ Str+6 Int-2}
   (You bought it in a shop on level 10 of the Dungeon)

   It affects your strength (+6).
   It affects your intelligence (-2).
   It protects you from fire.
   It affects your resistance to hostile enchantments.
Magical Staves
 L - an uncursed staff of wizardry
Rods
 U - a +7 lightning rod (9/9)
   (You found it on level 21 of a ziggurat)
Jewellery
 a - the ring of Wisa {Wiz rC+ MP+9 Str+2}
   (You found it on level 16 of a ziggurat)

   [ring of wizardry]

   It improves your spell success rate.
   It affects your strength (+2).
   It protects you from cold.
   It affects your magic capacity (+9).
 A - the ring "Gipisoti" {+Blink rF+ Slay+5}
   (You found it on level 21 of a ziggurat)

   [ring of protection from fire]

   It affects your accuracy and damage with ranged weapons and melee attacks
   (+5).
   It protects you from fire.
   It lets you blink.
 N - the amulet "Rekur" (around neck) {Spirit rElec rN+ Dex+3 Slay+4}
   (You bought it in a shop on level 2 of the Orcish Mines)

   [amulet of guardian spirit]

   It causes incoming damage to be split between your health and magic.
   It affects your dexterity (+3).
   It affects your accuracy and damage with ranged weapons and melee attacks
   (+4).
   It insulates you from electricity.
   It protects you from negative energy.
 P - the ring of Eklar (right claw) {Wiz rN+ MR+}
   (You found it on level 14 of a ziggurat)

   [ring of wizardry]

   It improves your spell success rate.
   It protects you from negative energy.
   It affects your resistance to hostile enchantments.
 S - a ring of resist corrosion (left claw)
Wands
 p - a wand of heal wounds (1/9)
 y - a wand of teleportation (4/9)
 J - a wand of digging (11/24)
 W - a wand of heal wounds (6/9)
Scrolls
 b - 11 scrolls of identify
 g - 15 scrolls of teleportation
 k - 6 scrolls of immolation
 n - 18 scrolls of magic mapping
 q - 22 scrolls of enchant armour
 v - 19 scrolls of fog
 w - 3 scrolls of torment
 z - a scroll of silence
 D - 12 scrolls of blinking
 E - 45 scrolls of remove curse
 O - 8 scrolls of fear
 Q - 19 scrolls of amnesia
 Z - 10 scrolls of recharging
Potions
 i - 7 potions of flight
 j - 11 potions of brilliance
 m - 7 potions of haste
 x - 2 potions of magic
 B - 3 potions of cancellation
 C - 28 potions of curing
 G - 15 potions of cure mutation
 K - 6 potions of might
 V - 5 potions of resistance
Miscellaneous
 c - a fan of gales
 o - a disc of storms
 Y - 11 boxes of beasts
Comestibles
 f - 28 bread rations
 F - 11 royal jellies
 T - 49 fruits


   Skills:
 - Level 24.1 Fighting
 O Level 27 Crossbows
 - Level 13.9 Armour
 - Level 14.4 Dodging
 - Level 1.2 Stealth
 - Level 24.3 Shields
 - Level 3.6 Unarmed Combat
 - Level 20.1 Spellcasting
 * Level 17.7 Necromancy
 - Level 19.2 Translocations
 * Level 15.3 Transmutations
 - Level 26.8 Air Magic
 O Level 27 Invocations


You had 29 spell levels left.
You knew the following spells:

 Your Spells              Type           Power        Failure   Level  Hunger
a - Controlled Blink      Tloc           N/A          9%          8    N/A
b - Tornado               Air            ######....   12%         9    N/A
c - Deflect Missiles      Chrm/Air       #####.....   2%          6    N/A
d - Dispersal             Tloc           ######....   1%          6    N/A
e - Necromutation         Tmut/Necr      ######....   26%         8    N/A

Dungeon Overview and Level Annotations

Branches:
Dungeon (15/15)            Temple (1/1) D:5            Lair (6/6) D:8
  Swamp (4/4) Lair:3        Snake (4/4) Lair:2        Slime (5/5) Lair:5
    Orc (2/2) D:10            Elf (3/3) Orc:2        Vaults (5/5) D:14
  Crypt (3/3) Vaults:3       Tomb (3/3) Crypt:3      Depths (5/5) D:15
   Hell (1/1)                 Dis (0/7) Hell            Geh (0/7) Hell
    Coc (1/7) Hell            Tar (0/7) Hell            Zot (5/5) Depths:5

Altars:
Ashenzari
Cheibriados
Dithmenos
Elyvilon
Gozag
Hepliaklqana
Kikubaaqudgha
Okawaru
Qazlal
Sif Muna
Vehumet
Zin
Jiyva
Lugonu

Shops:
D:10 =([   Orc:2 [}(=   Elf:3 }[*

Portals:
Hell: Depths:1 Depths:2 Depths:3 Depths:4 Depths:5
Abyss: Depths:4 Depths:5
Pandemonium: Depths:3

Annotations:
Vaults:2 Mara


Innate Abilities, Weirdness & Mutations

You have claws for hands.
You are completely covered in rugged brown scales. (AC +3, +7% HP)
Your flesh is cold resistant. (rC+)
A powerful demonic guardian rushes to your aid.
A frigid envelope surrounds you and freezes all who hurt you.
You regenerate a lot of health from kills.
You are immune to freezing clouds.
You are agile. (Dex +2)
You regenerate slowly when monsters are visible.


Message History

The emperor scorpion claws you!
* * * LOW HITPOINT WARNING * * *
The emperor scorpion is very cold.
The emperor scorpion is lightly wounded.
The jumping spider leaps!
The entropy weaver casts a spell.
The entropic weave corrodes you!
Something hits the bush.
Something hits the bush but does no damage.
Something stings the bush but does no damage.
Something bites the bush but does no damage.
The shambling mangrove is engulfed in freezing vapours.
The shambling mangrove hits you but does no damage.
The shambling mangrove is very cold.
The shambling mangrove is heavily damaged.
The jumping spider is engulfed in roaring flames.
The jumping spider leaps!
The entropy weaver mumbles some strange words.
You feel you are being watched by something.
Something hits you!
You die...

s...................▓ ...
...........s........▓
.ss.....♣..................▓
...s...Pw♣..................▓
...{a...wyP.................▓▓
..aa..♣♣s#.♣♣.............∩..▓
....s.fsssay§a§§§...........▓▓
.....y.y.♣.Pf{s§............▓
s....a†y.♣{safL§§...........▓
≈≈y.≈..ys{.s.ss§s...........▓
..≈†..sa.as.{sy.............▓
≈≈.≈.s..w.ysy§.............▓▓
...........y.s.s...........▓
.≈≈≈≈....ss.s............
..≈...≈...§.............
................§.....
.....................


You could see 5 emperor scorpions, 2 shambling mangroves, 5 entropy weavers, a
spark wasp, 3 torpor snails, 2 demonic crawlers, 2 wolf spiders, 2 moths of
wrath, 3 orb spiders, 4 hornets, 5 jumping spiders and 3 redbacks.

Vanquished Creatures
  the Royal Jelly (Slime:5)
  A seraph (Pan)
  3 ancient liches
  4 orbs of fire
  Mennas (Depths:5)
  2 juggernauts (Depths:5)
  The ghost of varam the Conqueror, a legendary GrFi of Makhleb (Zig:17)
  20 greater mummies
  Boris (twice) (Vaults:2 Tomb:3)
  Sojobo (Depths:2)
  3 shard shrikes (Coc:1)
  Frederick (Tomb:3)
  Bai Suzhen (Vaults:3)
  A curse toe (Zot:4)
  Vashnia (Snake:3)
  27 Killer Klowns
  8 caustic shrikes
  16 golden dragons
  2 pearl dragons (Pan)
  43 pandemonium lords
  Jory (Depths:3)
  6 bone dragons
  17 Tzitzimimeh
  2 profane servitors
  3 Brimstone Fiends
  An iron giant (shapeshifter) (Zig:23)
  5 electric golems
  3 iron giants (Zig:22)
  16 liches
  Jorgrun (Depths:3)
  3 hellephants
  26 tentacled monstrosities
  24 Hell Sentinels
  5 Orb Guardians (Zot:5)
  22 titans
  7 Ice Fiends
  6 deep elf master archers
  A quicksilver dragon (shapeshifter) (Zig:1)
  Murray (Depths:5)
  7 deep elf blademasters
  An acid blob (shapeshifter) (Zig:23)
  9 quicksilver dragons
  25 acid blobs
  17 tentacled starspawn
  21 sphinxes
  14 ancient champions
  10 Executioners
  8 death cobs
  4 thorn hunters
  3 shadow dragons (shapeshifter)
  11 shadow dragons
  2 azure jellies (shapeshifter)
  19 storm dragons
  9 draconian monks
  9 tengu reavers
  9 revenants
  19 nagarajas
  24 daevas (Pan)
  12 azure jellies
  2 frost giants (shapeshifter) (Zig:8)
  20 fire giants
  16 vault wardens
  12 iron dragons
  22 ghost moths
  14 balrugs
  8 draconian knights
  Aizul (Snake:2)
  22 frost giants
  14 cacodemons
  10 draconian shifters
  35 angels
  10 deep elf sorcerers
  An iron dragon (shapeshifter) (Zig:16)
  16 draconian stormcallers
  An emperor scorpion (shapeshifter) (Zig:17)
  4 warmongers
  Louise (Elf:2)
  A caustic shrike zombie (Zig:12)
  27 reapers
  19 draconian scorchers
  A curse skull (Crypt:2)
  6 emperor scorpions
  17 ghouls
  14 ironheart preservers
  9 war gargoyles
  3 deep elf elementalists
  11 draconian annihilators
  36 very ugly things
  3 blood saints (Pan)
  4 stone giants (shapeshifter)
  7 bennus
  7 deep elf demonologists
  11 lorocyprocas
  21 ophanim (Pan)
  30 apis (Pan)
  7 corrupters
  An entropy weaver (shapeshifter) (Zig:17)
  36 stone giants
  11 vampire knights
  17 entropy weavers
  Nessos (Lair:4)
  8 deep elf annihilators
  22 green draconians
  17 black draconians
  Azrael (Snake:1)
  31 yellow draconians
  2 dire elephants (Zig:20)
  A dire elephant (shapeshifter) (Zig:14)
  10 black suns
  18 purple draconians
  21 white draconians
  20 red draconians
  21 spark wasps
  12 blizzard demons
  32 mummy priests
  9 deep elf death magi
  Snorg (Orc:1)
  3 crystal guardians
  27 jiangshi
  Josephine (D:11)
  15 fire dragons
  4 eidola
  21 green deaths
  4 merfolk javelineers
  15 ettins
  23 yaktaur captains
  9 death oozes
  3 quicksilver dragon zombies
  4 deep elf high priests
  A kraken zombie (Coc:1)
  20 great orbs of eyes
  10 ogre magi
  20 ice dragons
  9 rakshasas
  A ghost crab (shapeshifter) (Zig:14)
  6 hell beasts
  2 quicksilver dragon skeletons (Coc:1)
  4 monstrous demonspawn (Pan)
  19 naga warriors
  31 vault guards
  3 ghost crabs
  31 hydras
  15 spriggan air magi
  12 centaur warriors
  14 alligators
  6 catoblepae
  An ice dragon (shapeshifter) (Zig:19)
  20 anacondas
  11 death knights
  14 deep troll shamans
  3 alligator snapping turtles (shapeshifter)
  12 vampire magi
  20 shock serpents
  24 death scarabs
  26 dancing weapons
  A merfolk aquamancer (Zig:14)
  8 spriggan berserkers
  6 deep troll earth magi
  18 naga sharpshooters
  11 hell hogs
  A shock serpent (shapeshifter) (Zig:6)
  3 tengu warriors
  6 death yaks (Lair:2)
  5 orc high priests
  2 titan zombies
  17 thrashing horrors
  Urug (Orc:1)
  35 soul eaters
  59 sun demons
  A fire crab (Zig:4)
  Nergalle (Lair:3)
  37 deep elf knights
  12 wretched stars
  2 titan skeletons
  7 iron golems
  A storm dragon zombie (Coc:1)
  An iron troll (shapeshifter) (Vaults:5)
  A fire crab (shapeshifter) (Depths:5)
  14 sixfirhies
  A spectral ghost moth (Crypt:3)
  2 sea snakes (shapeshifter)
  83 large abominations
  9 hell knights
  20 cherubim (Pan)
  An iron troll (Depths:2)
  44 skeletal warriors
  10 shadow wraiths
  2 salamander mystics
  An iron giant zombie (Crypt:2)
  13 flayed ghosts
  3 anaconda zombies
  A spatial maelstrom (Abyss:1)
  8 death drakes (Zig:21)
  A swamp dragon (shapeshifter) (Zig:16)
  A golden dragon zombie (Coc:1)
  A spriggan druid (Zig:20)
  2 ghost moth zombies
  8 glowing orange brains
  A deep troll (shapeshifter) (Zig:23)
  22 shadow demons
  7 torturous demonspawn (Pan)
  20 deep trolls
  9 sea snakes
  10 gelid demonspawn (Pan)
  11 swamp dragons
  5 unseen horrors
  A wizard (D:15)
  The ghost of Jarno the Covert, a novice HaAs of Uskayaw (D:8)
  6 infernal demonspawn
  2 spectral hydras (Swamp:4)
  38 deep elf archers
  11 naga ritualists
  3 hill giants
  10 harpies
  17 phantasmal warriors
  9 shambling mangroves
  Pikel (D:7)
  A stone giant zombie (Coc:1)
  16 ironbrand convokers
  9 necromancers
  18 orc knights
  2 shining eyes (shapeshifter)
  2 iron dragon zombies
  A harpy (shapeshifter) (Vaults:4)
  51 ugly things
  6 oklob plants
  3 anaconda skeletons
  17 salamanders
  13 mana vipers
  3 frost giant zombies
  3 orc sorcerers
  2 wolf spiders (shapeshifter)
  15 orb spiders
  2 fire giant zombies
  2 shining eyes
  22 moths of wrath
  100 deep elf magi
  A cyclops (shapeshifter) (Zig:23)
  A manticore (D:12)
  A mana viper (shapeshifter) (Vaults:2)
  A faun (shapeshifter) (Vaults:5)
  5 cyclopes
  2 shadow dragon skeletons
  21 wolf spiders
  A hell hog skeleton (Crypt:1)
  A moth of wrath (shapeshifter) (Zig:16)
  An elephant (shapeshifter) (Elf:3)
  6 stone giant skeletons
  8 elephants
  14 guardian serpents
  A dire elephant zombie (Tomb:2)
  A black mamba (shapeshifter) (Vaults:3)
  3 frost giant skeletons
  10 worldbinders
  13 rust devils
  17 vault sentinels
  5 ice statues
  61 black mambas
  A spriggan skeleton (Zig:12)
  A fire giant skeleton (Zig:12)
  2 molten gargoyles
  9 gargoyles
  12 torpor snails
  2 storm dragon simulacra
  3 eyes of devastation (shapeshifter)
  17 naga magi
  A spiny frog (shapeshifter) (Depths:5)
  58 smoke demons
  16 apocalypse crabs
  A kobold demonologist (D:14)
  26 freezing wraiths
  26 orange demons
  An alligator snapping turtle zombie (Crypt:1)
  A dire elephant skeleton (Coc:1)
  3 eyes of devastation
  21 spiny frogs
  12 hellions
  19 komodo dragons
  2 elf skeletons (Zig:12)
  A black draconian zombie (Crypt:2)
  2 anaconda simulacra (Coc:1)
  4 swamp worm zombies (Swamp:4)
  A catoblepas zombie (Abyss:1)
  12 tormentors
  43 demonic crawlers
  2 rime drakes
  3 efreet
  71 yaktaurs
  4 harpy zombies (Hell)
  15 ice devils
  52 guardian mummies
  5 yaktaurs (shapeshifter)
  23 hellwings
  3 tengu conjurers
  22 jumping spiders
  2 human skeletons
  2 queen bees
  16 red devils
  A catoblepas skeleton (Crypt:2)
  5 trolls
  A jumping spider (shapeshifter) (Zig:16)
  4 polar bears (Lair:6)
  A troll (shapeshifter) (Depths:3)
  A wind drake (shapeshifter) (Depths:1)
  2 raiju (shapeshifter)
  15 tyrant leeches
  9 hydra zombies
  A polar bear (shapeshifter) (Vaults:4)
  20 ancient zymes
  2 hydra skeletons
  A merfolk (Zig:14)
  2 shadow dragon simulacra
  A spriggan zombie (Depths:1)
  A harpy skeleton (Coc:1)
  47 hornets
  56 raiju
  A two-headed ogre (shapeshifter) (Vaults:3)
  19 two-headed ogres
  A hornet (shapeshifter) (Depths:1)
  16 hippogriffs
  114 slime creatures
  2 spectral swamp dragons (Swamp:4)
  An ettin zombie (Coc:1)
  19 blink frogs
  3 ice dragon zombies
  A frost giant simulacrum (Coc:1)
  8 alligator zombies
  18 bog bodies
  A meliai zombie (Crypt:1)
  6 dream sheep
  14 shadows
  51 small abominations
  2 fire dragon zombies
  17 air elementals
  21 tarantellas
  An ice dragon skeleton (Hell)
  2 redbacks (shapeshifter)
  20 water elementals
  A deep troll skeleton (Depths:1)
  78 flying skulls
  16 ushabtiu
  37 yaks
  81 starcursed masses (Abyss:1)
  A fire dragon skeleton (Tomb:1)
  24 redbacks
  11 fire bats (Abyss:1)
  24 spriggans
  10 wyverns
  20 wraiths
  2 vampires (Abyss:1)
  41 ynoxinuls
  A black mamba skeleton (Crypt:1)
  Eustachio (D:4)
  18 fire elementals
  38 chaos spawn
  A human (shapeshifter) (Vaults:4)
  5 golden eyes
  9 basilisks
  29 neqoxecs
  A human simulacrum (Vaults:2)
  4 hungry ghosts
  16 vampire mosquitoes
  Menkaure (D:7)
  16 swamp worms
  5 wargs
  A warg (shapeshifter) (Depths:5)
  14 insubstantial wisps
  Edmund (D:6)
  54 nagas
  3 acid dragons
  A gelid demonspawn zombie (Crypt:2)
  12 porcupines
  Duvessa (D:4)
  16 hell hounds
  4 spiny frog zombies (Coc:1)
  29 water moccasins
  4 floating eyes
  50 orc warriors
  6 black bears
  9 swamp drakes
  5 sky beasts
  11 phantoms
  A spiny frog skeleton (Hell)
  A snapping turtle zombie (Crypt:1)
  27 boggarts
  2 elf zombies
  6 ice beasts
  2 ogres (shapeshifter)
  3 swamp dragon zombies (Swamp:4)
  A ghost crab zombie (Crypt:1)
  10 eyes of draining
  47 ogres
  22 centaurs
  20 necrophages
  29 wolves
  21 crocodiles
  21 bullfrogs
  2 gnoll sergeants
  9 earth elementals
  Dowan (D:4)
  A spiny frog simulacrum (Hell)
  A water moccasin zombie (D:10)
  2 wyvern skeletons
  5 scorpions
  A polar bear zombie (Crypt:1)
  47 killer bees
  19 wights
  2 electric eels (D:12)
  6 howler monkeys
  8 crimson imps
  2 bullfrog zombies
  2 centaur zombies
  13 quasits
  3 draconian simulacra (IceCv)
  3 bullfrog skeletons
  24 jellies
  Crazy Yiuf (D:2)
  18 orc priests
  5 hounds
  A human zombie (Tomb:1)
  3 centaur skeletons
  10 iguanas
  12 iron imps
  28 orc wizards
  3 spectral swamp drakes (Swamp:4)
  6 hell rats
  5 troll simulacra (IceCv)
  7 worker ants
  A lightning spire (Zig:17)
  A deep dwarf zombie (Crypt:1)
  A centaur simulacrum (IceCv)
  A hound zombie (D:8)
  2 tengu skeletons
  2 hound skeletons
  2 worker ant zombies (D:9)
  A howler monkey zombie (D:11)
  51 mummies
  14 adders
  15 gnolls
  A swamp drake zombie (Swamp:4)
  A howler monkey skeleton (D:10)
  A naga simulacrum (IceCv)
  4 shadow imps
  13 white imps
  7 ufetubi (Abyss:1)
  An ooze (D:3)
  An adder zombie (D:9)
  An adder skeleton (D:6)
  A worm (D:3)
  8 leopard geckos
  84 orcs
  2 giant cockroaches
  A gnoll zombie (Crypt:1)
  7 goblins
  6 hobgoblins
  11 jackals
  7 kobolds
  4 quokkas
  9 bats
  4 frilled lizards
  A hobgoblin skeleton (Crypt:2)
  A jackal skeleton (D:4)
  A leopard gecko skeleton (D:9)
  A quokka skeleton (D:9)
  6 rats
  2 blocks of ice (Pan)
  34 briar patches (Zig:13)
  A fungus (Elf:3)
  A lurking horror (Abyss:1)
  2 plants
  18 starspawn tentacles
  2 tentacles (Coc:1)
5363 creatures vanquished.

Vanquished Creatures (collateral kills)
  An ancient lich (Vaults:5)
  A greater mummy (Tomb:1)
  3 pandemonium lords
  Saint Roka (Elf:2)
  A curse toe (Zot:3)
  Geryon (Hell)
  2 Killer Klowns (Zig:8)
  A caustic shrike (Zig:20)
  2 golden dragons
  Nikola (Elf:2)
  An iron giant (Zig:5)
  A Brimstone Fiend (Zig:8)
  2 electric golems (Zig:15)
  4 tentacled monstrosities
  A titan (Zig:16)
  A deep elf master archer (Tomb:1)
  An acid blob (Slime:5)
  An ancient champion (Crypt:3)
  A sphinx (D:14)
  2 storm dragons
  3 tengu reavers
  A shadow dragon (Zot:1)
  A draconian monk (Zot:2)
  2 nagarajas
  A fire giant (Zot:1)
  2 vault wardens (Vaults:3)
  2 draconian scorchers
  A deep elf sorcerer (Tomb:1)
  A warmonger (Pan)
  A balrug (Zig:11)
  2 frost giants
  A ghost moth (Zig:14)
  A draconian stormcaller (Zot:1)
  3 draconian shifters
  A deep elf elementalist (Elf:3)
  3 stone giants
  3 very ugly things (Vaults:4)
  2 ironheart preservers
  A black sun (Pan)
  2 draconian annihilators
  A corrupter (Zig:11)
  4 green draconians
  A yellow draconian (Zig:9)
  3 black draconians
  2 white draconians
  A red draconian (Zot:1)
  3 purple draconians
  A blizzard demon (Zig:10)
  A deep elf death mage (Elf:3)
  An ettin (Depths:1)
  A green death (Zig:7)
  A naga warrior (Snake:4)
  A yaktaur captain (Vaults:5)
  A spriggan air mage (Zig:15)
  4 vault guards
  A catoblepas (shapeshifter) (Vaults:5)
  A dancing weapon (Elf:1)
  A deep troll shaman (Vaults:2)
  An anaconda (Zig:17)
  An ogre mage (Vaults:2)
  A hell hog (Hell)
  3 shock serpents
  2 hell knights (Hell)
  4 soul eaters
  2 deep elf knights (Tomb:1)
  2 sun demons (Pan)
  A shadow wraith (Hell)
  2 shadow demons
  A quicksilver dragon simulacrum (Hell)
  A cherub (Pan)
  3 deep elf archers
  5 phantasmal warriors
  A shambling mangrove (Zig:21)
  An orb spider (Abyss:1)
  2 necromancers
  A large abomination (Abyss:1)
  2 orc knights
  An orc sorcerer (Orc:2)
  A shadow dragon zombie (Hell)
  3 deep elf magi
  3 ugly things
  2 harpies
  2 moths of wrath
  3 smoke demons
  2 black mambas
  An apocalypse crab (Zig:8)
  An elephant (Lair:4)
  2 spiny frogs
  2 guardian serpents
  An orange demon (Pan)
  A yaktaur (Vaults:4)
  2 komodo dragons
  An efreet (Zig:4)
  A hellwing (Pan)
  A tengu conjurer (Depths:1)
  A red devil (Pan)
  3 guardian mummies
  A hydra zombie (Hell)
  A tyrant leech (Zig:21)
  A jumping spider (Zig:18)
  A two-headed ogre (D:15)
  A hornet (Zig:21)
  2 raiju (Zig:15)
  3 slime creatures
  A blink frog (Lair:5)
  A bog body (Crypt:1)
  A wyvern (Zig:20)
  2 air elementals
  2 ushabtiu (Tomb:2)
  A spriggan (Lair:6)
  A ynoxinul (Pan)
  2 yaks (Lair:1)
  A hungry ghost (D:7)
  2 vampire mosquitoes (Zig:13)
  6 insubstantial wisps
  2 nagas
  2 hell hounds
  3 orc warriors
  3 ogres
  3 wolves
  3 crocodiles
  2 killer bees
  A hound (D:9)
  A starcursed mass (Abyss:1)
  2 orc priests (Orc:2)
  A centaur skeleton (D:8)
  An orc wizard (D:8)
  3 hell rats (Hell)
  A small abomination (Abyss:1)
  2 orcs
  A starspawn tentacle (Zig:7)
223 creatures vanquished.

Vanquished Creatures (others)
  An ancient lich (Tomb:1)
  2 pandemonium lords
  A lich (Tomb:2)
  A deep elf master archer (Tomb:1)
  An eldritch tentacle (Pan)
  A storm dragon (Zot:2)
  A ghost moth (Zig:14)
  A fire giant (Depths:1)
  A balrug (Pan)
  A draconian knight (Zot:3)
  A reaper (Zig:18)
  A corrupter (Pan)
  A red draconian (Zot:3)
  3 spark wasps (Depths:1)
  A fire dragon (Depths:1)
  An ettin (Tomb:2)
  2 yaktaur captains (Vaults:3)
  4 death scarabs (Tomb:2)
  A hell hog (Abyss:1)
  A thrashing horror (Abyss:1)
  2 naga sharpshooters (Snake:1)
  2 sun demons (Pan)
  2 deep elf knights
  2 shadow wraiths
  A deep elf archer (Tomb:1)
  2 large abominations
  An orb spider (Zig:15)
  A mana viper (Zig:14)
  A salamander (Snake:2)
  A fire giant zombie (Tomb:2)
  2 moths of wrath
  A black mamba (Zig:17)
  A guardian serpent (Zig:17)
  A smoke demon (Abyss:1)
  3 yaktaurs
  A guardian mummy (Tomb:1)
  A slime creature (Swamp:4)
  A black mamba zombie (Hell)
  2 flying skulls (Tomb:3)
  A vampire mosquito (Zig:13)
  3 insubstantial wisps (Swamp:4)
  A hell hound (Abyss:1)
  A slave (D:7)
  4 centaurs
  A bullfrog (D:6)
  A small abomination (Abyss:1)
  An iron imp (Pan)
  2 hell rats (Hell)
  3 mummies (Tomb:2)
  An adder (D:7)
  A white imp (Abyss:1)
  An orc (Vaults:4)
  2 blocks of ice (Pan)
  3 briar patches (Zig:13)
  A bush (Zig:24)
  15 fungi
  A lurking horror (Abyss:1)
  15 plants
  39 starspawn tentacles
  2 tentacles (Coc:1)
154 creatures vanquished.

Grand Total: 5740 creatures vanquished

Notes
Turn   | Place    | Note
-------+----------+-------------------------------------------
     0 | D:1      | Raws the Demonspawn Hunter began the quest for the Orb.
     0 | D:1      | Reached XP level 1. HP: 16/16 MP: 1/1
   217 | D:1      | Reached skill level 1 in Stealth
   224 | D:1      | Gained mutation: You are partially covered in rugged brown scales. (AC +1, +3% HP) [demonic ancestry]
   224 | D:1      | Reached XP level 2. HP: 16/22 MP: 2/2
   813 | D:2      | Reached XP level 3. HP: 27/27 MP: 3/3
  1050 | D:2      | Found a runed door.
  1076 | D:2      | Reached XP level 4. HP: 34/35 MP: 4/4
  1086 | D:2      | Reached skill level 5 in Crossbows
  1283 | D:2      | Noticed Crazy Yiuf
  1286 | D:2      | Killed Crazy Yiuf
  1286 | D:2      | Reached skill level 1 in Armour
  1498 | D:3      | Gained mutation: You regenerate a little health from kills. [demonic ancestry]
  1498 | D:3      | Reached XP level 5. HP: 40/40 MP: 5/5
  2055 | D:4      | Gained mutation: A weak demonic guardian rushes to your aid. [demonic ancestry]
  2055 | D:4      | Reached XP level 6. HP: 47/47 MP: 6/6
  2117 | D:4      | Reached skill level 1 in Shields
  2191 | D:4      | Reached XP level 7. HP: 52/53 MP: 7/7
  2600 | D:4      | Noticed Eustachio
  2631 | D:4      | Killed Eustachio
  2667 | D:4      | Noticed Dowan
  2670 | D:4      | Noticed Duvessa
  2701 | D:4      | Killed Duvessa
  2702 | D:4      | Killed Dowan
  2808 | D:4      | Reached XP level 8. HP: 50/61 MP: 8/8
  2950 | D:5      | Entered Level 5 of the Dungeon
  3250 | D:5      | Found a staircase to the Ecumenical Temple.
  3330 | D:5      | Got a fine zirconium amulet
  3372 | Temple   | Entered the Ecumenical Temple
  3373 | Temple   | Identified the amulet "Birphiqaah" {Reflect rN+ SH+3 SInv} (You found it on level 5 of the Dungeon)
  3386 | Temple   | Became a worshipper of Warmaster Okawaru
  3594 | D:6      | Noticed Edmund
  3603 | D:6      | Killed Edmund
  4089 | D:6      | You fall through a shaft for 3 floors!
  4094 | D:9      | Reached * piety under Okawaru
  4257 | D:8      | Reached XP level 9. HP: 44/67 MP: 9/9
  4394 | D:8      | Identified the Tome of Ashen Calling
  4487 | D:7      | Found a snail-covered altar of Cheibriados.
  5029 | D:7      | Noticed Pikel
  5036 | D:7      | Killed Pikel
  5036 | D:7      | Reached skill level 10 in Crossbows
  5071 | D:7      | Reached skill level 5 in Fighting
  5158 | D:7      | Noticed Menkaure
  5161 | D:7      | Killed Menkaure
  5378 | D:7      | Reached ** piety under Okawaru
  5704 | D:8      | Noticed Jarno's ghost (novice HaAs)
  5715 | D:8      | Gained mutation: Your flesh is heat resistant. (rF+) [potion of mutation]
  5715 | D:8      | Gained mutation: Your magical capacity is low. (-10% MP) [potion of mutation]
  5715 | D:8      | Gained mutation: You have large cloven feet. [potion of mutation]
  5729 | D:8      | Killed Jarno's ghost
  5968 | D:8      | Gained mutation: You have sharp fingernails. [demonic ancestry]
  5968 | D:8      | Reached XP level 10. HP: 36/78 MP: 9/9
  6004 | D:8      | Reached skill level 5 in Shields
  6252 | D:8      | Found a staircase to the Lair.
  6404 | D:8      | Reached *** piety under Okawaru
  6621 | D:8      | Found an ancient bone altar of Kikubaaqudgha.
  7845 | D:9      | Reached **** piety under Okawaru
  8322 | D:9      | Reached skill level 5 in Armour
  8892 | D:10     | Entered Level 10 of the Dungeon
  8960 | D:10     | Reached ***** piety under Okawaru
  9055 | D:10     | Received a gift from Okawaru
  9055 | D:10     | Reached skill level 5 in Dodging
  9055 | D:10     | Gained mutation: You regenerate health from kills. [demonic ancestry]
  9055 | D:10     | Reached XP level 11. HP: 78/85 MP: 9/9
  9056 | D:10     | Noticed a hill giant
  9076 | D:10     | Killed a hill giant
  9293 | D:10     | Found Timarusch's Weapon Boutique.
  9294 | D:10     | Noticed an orc knight
  9298 | D:10     | Found a staircase to the Orcish Mines.
  9306 | D:10     | Killed an orc knight
  9307 | D:10     | Found Pisyss's Armour Boutique.
  9320 | D:10     | Bought 15 bolts for 36 gold pieces
  9330 | D:10     | Bought the +1 helmet "Enaze" {rF+ MR+ Str+6 Int-2} for 600 gold pieces
  9515 | D:10     | Found Waegoblo's Jewellery Shop.
  9833 | D:10     | Noticed a green ugly thing
  9840 | D:10     | Killed a green ugly thing
 10065 | Lair:1   | Entered Level 1 of the Lair of Beasts
 10197 | Lair:1   | Received a gift from Okawaru
 10248 | Lair:1   | Received a gift from Okawaru
 10364 | Lair:1   | Received a gift from Okawaru
 10698 | Lair:2   | Noticed a death yak
 10704 | Lair:2   | Noticed a death yak
 11094 | Lair:2   | Gained mutation: You have very sharp fingernails. [demonic ancestry]
 11094 | Lair:2   | Reached XP level 12. HP: 87/96 MP: 10/10
 11111 | Lair:2   | Noticed a five-headed hydra
 11115 | Lair:2   | Killed a five-headed hydra
 11115 | Lair:2   | Reached ****** piety under Okawaru
 11115 | Lair:2   | Received a gift from Okawaru
 11322 | Lair:2   | Found a staircase to the Snake Pit.
 11452 | Lair:2   | Received a gift from Okawaru
 11691 | Lair:2   | Got a bloodstained arbalest {god gift}
 11697 | Lair:2   | Identified the +4 arbalest of the Valley of Death {freeze, Fragile Str+2 Dex+6} (Okawaru gifted it to you on level 2 of the Lair of Beasts)
 11715 | Lair:2   | Identified a scroll of acquirement
 11718 | Lair:2   | Got a fine cloak
 11729 | Lair:2   | Identified the +0 cloak of Exclusion {rElec rC+ Stlth+} (You acquired it on level 2 of the Lair of Beasts)
 11785 | Lair:2   | Noticed a death yak
 11786 | Lair:2   | Noticed a death yak
 11787 | Lair:2   | Killed a death yak
 11788 | Lair:2   | Noticed a death yak
 11792 | Lair:2   | Noticed a death yak
 11825 | Lair:2   | Killed a death yak
 11825 | Lair:2   | Reached skill level 10 in Fighting
 11825 | Lair:2   | Reached skill level 1 in Invocations
 11829 | Lair:2   | Killed a death yak
 11832 | Lair:2   | Killed a death yak
 11832 | Lair:2   | Received a gift from Okawaru
 11837 | Lair:2   | Killed a death yak
 12034 | Lair:2   | Killed a death yak
 12597 | Lair:3   | Received a gift from Okawaru
 12597 | Lair:3   | Gained mutation: Your flesh is cold resistant. (rC+) [demonic ancestry]
 12597 | Lair:3   | Reached XP level 13. HP: 106/106 MP: 14/14
 12821 | Lair:3   | Received a gift from Okawaru
 12926 | Lair:3   | Found a staircase to the Swamp.
 12993 | Lair:3   | Noticed Nergalle
 12997 | Lair:3   | Killed Nergalle
 13358 | Lair:3   | Got a slimy war axe
 13359 | Lair:3   | Identified the cursed +2 war axe of Zoqiol {antimagic, rF- rC+ Dex+7} (You found it on level 3 of the Lair of Beasts)
 13515 | Lair:4   | Noticed Nessos
 13529 | Lair:4   | Killed Nessos
 13529 | Lair:4   | Reached skill level 5 in Invocations
 14519 | Lair:5   | Received a gift from Okawaru
 14764 | Lair:5   | Found a staircase to the Slime Pits.
 14765 | Lair:5   | Found a viscous altar of Jiyva.
 15257 | Lair:6   | Entered Level 6 of the Lair of Beasts
 15292 | Lair:6   | Found a frozen archway.
 15330 | IceCv    | Entered an ice cave
 15628 | IceCv    | Gained mutation: You have claws for hands. [demonic ancestry]
 15628 | IceCv    | Reached XP level 14. HP: 115/115 MP: 17/17
 15855 | Lair:6   | Reached skill level 15 in Crossbows
 16206 | Lair:6   | Received a gift from Okawaru
 16324 | Lair:6   | Received a gift from Okawaru
 16336 | Lair:6   | Got a crude hand crossbow {god gift}
 16339 | Lair:6   | Identified the +2 hand crossbow of Hupupey {speed, rElec rC+ Str+4} (Okawaru gifted it to you on level 6 of the Lair of Beasts)
 17463 | D:11     | Noticed Josephine
 17480 | D:11     | Killed Josephine
 18251 | D:12     | Received a gift from Okawaru
 18486 | D:12     | Received a gift from Okawaru
 18698 | D:12     | Gained mutation: You tend to lose your temper in combat. [potion of mutation]
 18698 | D:12     | Gained mutation: You are frail. (-10% HP) [potion of mutation]
 18698 | D:12     | Gained mutation: You evolve. [potion of mutation]
 18981 | D:13     | Found a shattered altar of Ashenzari.
 18994 | D:13     | Received a gift from Okawaru
 19474 | D:13     | Lost mutation: You are frail. (-10% HP) [potion of cure mutation]
 19474 | D:13     | Lost mutation: You have large cloven feet. [potion of cure mutation]
 19474 | D:13     | Lost mutation: Your magical capacity is low. (-10% MP) [potion of cure mutation]
 19555 | D:14     | Reached XP level 15. HP: 123/123 MP: 21/21
 19803 | D:14     | Found a runed door.
 19806 | D:14     | Noticed a tengu reaver
 19806 | D:14     | Noticed a storm dragon
 19807 | D:14     | Noticed a sphinx
 20070 | D:14     | Received a gift from Okawaru
 20195 | D:14     | Found a gate to the Vaults.
 20368 | D:15     | Entered Level 15 of the Dungeon
 20959 | D:15     | Found a staircase to the Depths.
 21144 | Orc:1    | Entered Level 1 of the Orcish Mines
 21259 | Orc:1    | Noticed Urug
 21260 | Orc:1    | Noticed Snorg
 21270 | Orc:1    | Killed Snorg
 21276 | Orc:1    | Killed Urug
 21507 | Orc:1    | Received a gift from Okawaru
 21570 | Orc:2    | Entered Level 2 of the Orcish Mines
 21570 | Orc:2    | Found a staircase to the Elven Halls.
 21934 | Orc:2    | Reached skill level 10 in Shields
 22002 | Orc:2    | Gained mutation: You have a pair of small horns on your head. [evolution]
 22107 | Orc:2    | Found Nihea's Antique Armour Shop.
 22107 | Orc:2    | Found Muborac's Jewellery Shoppe.
 22264 | Orc:2    | Found Yzalooma's Weapon Shoppe.
 22264 | Orc:2    | Found Puoc's Gadget Shop.
 22271 | Orc:2    | Lost mutation: You evolve. [potion of cure mutation]
 22271 | Orc:2    | Lost mutation: You tend to lose your temper in combat. [potion of cure mutation]
 22271 | Orc:2    | Lost mutation: You have a pair of small horns on your head. [potion of cure mutation]
 22271 | Orc:2    | Lost mutation: Your flesh is heat resistant. (rF+) [potion of cure mutation]
 22290 | Orc:2    | Bought a pitted helmet for 266 gold pieces
 22305 | Orc:2    | Identified the cursed -1 helmet of the Sunfish {*Corrode rElec Regen+ Dex+3} (You bought it in a shop on level 2 of the Orcish Mines)
 22604 | Swamp:1  | Entered Level 1 of the Swamp
 22604 | Swamp:1  | Noticed a thorn hunter
 22610 | Swamp:1  | Killed a thorn hunter
 22865 | Snake:1  | Entered Level 1 of the Snake Pit
 22868 | Snake:1  | Noticed Azrael
 23508 | Snake:1  | Gained mutation: You are mostly covered in rugged brown scales. (AC +2, +5% HP) [demonic ancestry]
 23508 | Snake:1  | Reached XP level 16. HP: 116/135 MP: 23/23
 23739 | Snake:1  | Killed Azrael
 23767 | Snake:1  | Received a gift from Okawaru
 24829 | Snake:1  | HP: 6/135 [anaconda (7)]
 25272 | Snake:1  | Received a gift from Okawaru
 25276 | Snake:1  | Got a jewelled scale mail {god gift}
 25626 | Snake:1  | Identified the +2 scale mail of Focus {rN+ Regen+ Slay+6 Stlth-} (Okawaru gifted it to you on level 1 of the Snake Pit)
 26371 | Snake:1  | Gained mutation: Scrolls take you a little longer to read. [potion of mutation]
 26371 | Snake:1  | Gained mutation: You are somewhat resistant to further mutation. [potion of mutation]
 26371 | Snake:1  | Gained mutation: You are clumsy. (Dex -2) [potion of mutation]
 26372 | Snake:1  | Lost mutation: You are clumsy. (Dex -2) [potion of cure mutation]
 26372 | Snake:1  | Lost mutation: Scrolls take you a little longer to read. [potion of cure mutation]
 26372 | Snake:1  | Lost mutation: You are somewhat resistant to further mutation. [potion of cure mutation]
 27251 | Snake:2  | Noticed Aizul
 27261 | Snake:2  | Killed Aizul
 28068 | Snake:3  | Received a gift from Okawaru
 28341 | Snake:3  | Reached skill level 15 in Shields
 28488 | Snake:3  | Noticed Vashnia
 28497 | Snake:3  | Killed Vashnia
 28497 | Snake:3  | Received a gift from Okawaru
 28497 | Snake:3  | Gained mutation: A demonic guardian rushes to your aid. [demonic ancestry]
 28497 | Snake:3  | Reached XP level 17. HP: 129/141 MP: 22/24
 28506 | Snake:3  | Received a gift from Okawaru
 28612 | Snake:3  | Got a fine scale mail {god gift}
 28614 | Snake:3  | Identified the +3 scale mail of Mental Paralysis {rCorr Dex-4 Stlth+} (Okawaru gifted it to you on level 3 of the Snake Pit)
 29032 | Orc:2    | Bought the amulet "Rekur" {Spirit rElec rN+ Dex+3 Slay+4} for 1212 gold pieces
 29128 | Elf:1    | Entered Level 1 of the Elven Halls
 29266 | Elf:1    | Got a transparent silver ring
 30484 | Elf:1    | Identified the ring "Ojeuh" {+Blink MR+ Str+4} (You took it off a deep elf archer on level 1 of the Elven Halls)
 30823 | Elf:2    | Received a gift from Okawaru
 31088 | Elf:2    | Found a runed gate.
 31093 | Elf:2    | Found a runed gate.
 31093 | Elf:2    | Found a runed gate.
 31457 | Swamp:1  | Received a gift from Okawaru
 31662 | Swamp:1  | Reached skill level 1 in Unarmed Combat
 32331 | Snake:4  | Entered Level 4 of the Snake Pit
 32348 | Snake:4  | Received a gift from Okawaru
 32484 | Snake:4  | Received a gift from Okawaru
 32893 | Snake:4  | Gained mutation: You regenerate a lot of health from kills. [demonic ancestry]
 32893 | Snake:4  | Reached XP level 18. HP: 145/152 MP: 14/25
 33044 | Snake:4  | Received a gift from Okawaru
 33754 | Snake:4  | Got a serpentine rune of Zot
 34228 | Vaults:1 | Entered Level 1 of the Vaults
 34337 | Vaults:1 | Received a gift from Okawaru
 34340 | Vaults:1 | Got an encrusted hat {god gift}
 34351 | Vaults:1 | Identified the +2 hat of Free Will {rElec rC+ Dex+4} (Okawaru gifted it to you on level 1 of the Vaults)
 34847 | Vaults:1 | Reached skill level 15 in Fighting
 35553 | Vaults:2 | Identified a +2 rod of shadows (10/10) (You found it on level 3 of the Snake Pit)
 35574 | Vaults:2 | Reached XP level 19. HP: 124/162 MP: 18/26
 35788 | Vaults:2 | Received a gift from Okawaru
 35881 | Vaults:2 | Noticed Mara
 36062 | Vaults:2 | Reached skill level 10 in Invocations
 36256 | Vaults:2 | Received a gift from Okawaru
 36382 | Vaults:2 | Noticed Boris
 36885 | Elf:2    | Noticed Louise
 37044 | Elf:2    | Killed Louise
 37158 | Elf:2    | Noticed Nikola
 37159 | Elf:2    | Noticed Saint Roka
 37192 | Elf:2    | Killed Nikola
 37261 | Elf:2    | Killed Saint Roka
 37678 | Elf:3    | Entered Level 3 of the Elven Halls
 37712 | Elf:3    | Found Idopn's Assorted Antiques.
 37725 | Elf:3    | Bought a scroll of identify for 72 gold pieces
 38039 | Elf:3    | Received a gift from Okawaru
 38583 | Elf:3    | Found Juhilurr's Gadget Boutique.
 38655 | Elf:3    | Gained mutation: You are completely covered in rugged brown scales. (AC +3, +7% HP) [demonic ancestry]
 38655 | Elf:3    | Reached XP level 20. HP: 146/175 MP: 16/28
 39020 | Elf:3    | Got a scorched jade amulet
 39129 | Elf:3    | Received a gift from Okawaru
 39166 | Elf:3    | Identified the Volume of the Oath
 39173 | Elf:3    | Identified the amulet "Bauxtid" {Inacc Str+2} (You found it on level 3 of the Elven Halls)
 39203 | Elf:3    | Identified a +2 rod of shadows (13/13) (You found it on level 3 of the Elven Halls)
 39227 | Elf:3    | Identified a +4 rod of shadows (10/10) (You found it on level 3 of the Elven Halls)
 39262 | Elf:3    | Got an ancient leather armour
 39263 | Elf:3    | Identified the +6 leather armour of Insatiable Hunger {rElec Slay+2} (You found it on level 3 of the Elven Halls)
 39363 | Elf:3    | Found Qexkavyz's Armour Shoppe.
 39761 | Vaults:2 | Killed Boris
 40082 | Vaults:2 | Received a gift from Okawaru
 41127 | Vaults:3 | Noticed Bai Suzhen
 41136 | Vaults:3 | Killed Bai Suzhen
 41136 | Vaults:3 | Received a gift from Okawaru
 41376 | Vaults:3 | Gained mutation: You are immune to freezing clouds. [demonic ancestry]
 41376 | Vaults:3 | Reached XP level 21. HP: 186/186 MP: 30/30
 41458 | Vaults:3 | Found a staircase to the Crypt.
 42243 | Vaults:3 | Got a dazzling ring mail {god gift}
 42254 | Vaults:3 | Identified the +2 ring mail of Vexation {rElec rF+ rN+} (Okawaru gifted it to you on level 3 of the Vaults)
 42289 | Vaults:4 | Received a gift from Okawaru
 42972 | Vaults:4 | Received a gift from Okawaru
 42972 | Vaults:4 | Reached skill level 10 in Armour
 43719 | Vaults:4 | Got a polished arbalest
 43720 | Vaults:4 | Identified the +5 arbalest "Wihail" {velocity, -Tele rElec rF+ MR+} (You found it on level 4 of the Vaults)
 43725 | Vaults:4 | Got a brightly glowing arbalest
 43726 | Vaults:4 | Identified the +7 arbalest of Slow Death {flame, rF+ Int+2} (You found it on level 4 of the Vaults)
 43873 | Crypt:1  | Entered Level 1 of the Crypt
 45168 | Crypt:2  | Received a gift from Okawaru
 45314 | Crypt:2  | Gained mutation: A powerful demonic guardian rushes to your aid. [demonic ancestry]
 45314 | Crypt:2  | Reached XP level 22. HP: 73/196 MP: 12/33
 45320 | Crypt:2  | Received a gift from Okawaru
 45773 | Crypt:2  | Received a gift from Okawaru
 46268 | Crypt:2  | Reached skill level 15 in Invocations
 46341 | Crypt:3  | Entered Level 3 of the Crypt
 46782 | Crypt:3  | Found an ancient bone altar of Kikubaaqudgha.
 46951 | Crypt:3  | Received a gift from Okawaru
 46986 | Crypt:3  | Received a gift from Okawaru
 47501 | Crypt:3  | Found a staircase to the Tomb.
 47501 | Crypt:3  | Noticed an ancient lich
 47515 | Crypt:3  | Killed an ancient lich
 48284 | Swamp:2  | Found a shattered altar of Ashenzari.
 48551 | Swamp:2  | Received a gift from Okawaru
 49687 | Swamp:4  | Entered Level 4 of the Swamp
 49717 | Swamp:4  | Gained mutation: A frigid envelope surrounds you and freezes all who hurt you. [demonic ancestry]
 49717 | Swamp:4  | Reached XP level 23. HP: 205/205 MP: 34/34
 49808 | Swamp:4  | Received a gift from Okawaru
 50275 | Swamp:4  | Received a gift from Okawaru
 50506 | Swamp:4  | Identified a +8 rod of clouds (13/13) (You found it on level 3 of the Crypt)
 50593 | Swamp:4  | Got a decaying rune of Zot
 51113 | Depths:1 | Entered Level 1 of the Depths
 51170 | Depths:1 | Found a flickering gateway to a bazaar.
 51181 | Bazaar   | Entered a bazaar
 51206 | Bazaar   | Found Nerod's Magic Scroll Boutique.
 51222 | Bazaar   | Found Rajibbao's General Store.
 51274 | Bazaar   | Found Feycepoden's Food Boutique.
 51298 | Bazaar   | Found Jaute's Gadget Shoppe.
 51371 | Bazaar   | Found Ycoduch's Food Shoppe.
 51444 | Bazaar   | Bought 2 scrolls of enchant weapon for 210 gold pieces
 51444 | Bazaar   | Bought a scroll of acquirement for 728 gold pieces
 51468 | Bazaar   | Bought 3 scrolls of recharging for 427 gold pieces
 51526 | Depths:1 | Found a gateway to Hell.
 51839 | Depths:1 | Found a portal to a secret trove of treasure.
 52402 | Depths:2 | Noticed Sojobo
 52748 | Depths:2 | Killed Sojobo
 53084 | Depths:2 | Received a gift from Okawaru
 53409 | Depths:2 | Received a gift from Okawaru
 53412 | Depths:2 | Got a pitted cloak {god gift}
 53423 | Depths:2 | Identified the +1 cloak of Tender Moments {Stlth+} (Okawaru gifted it to you on level 2 of the Depths)
 53546 | Depths:2 | Got an encrusted scimitar
 53547 | Depths:2 | Identified the +5 scimitar of Muagyn {slice, Int+4} (You found it on level 2 of the Depths)
 53609 | Depths:3 | Noticed Jory
 53625 | Depths:3 | Killed Jory
 53723 | Depths:3 | Found a gateway to a ziggurat.
 53975 | Depths:3 | Noticed Jorgrun
 53981 | Depths:3 | Killed Jorgrun
 54322 | Depths:3 | Reached XP level 24. HP: 192/213 MP: 33/34
 54448 | Depths:3 | Found a one-way gate leading to the halls of Pandemonium.
 54686 | Depths:4 | Found a corrupted altar of Lugonu.
 54688 | Depths:4 | Found a one-way gate to the infinite horrors of the Abyss.
 55118 | Depths:4 | Received a gift from Okawaru
 55726 | Depths:5 | Entered Level 5 of the Depths
 56018 | Depths:5 | Found an opulent altar of Gozag.
 56021 | Depths:5 | Found a white marble altar of Elyvilon.
 56054 | Depths:5 | Found a glowing silver altar of Zin.
 56056 | Depths:5 | Noticed a juggernaut
 56064 | Depths:5 | Killed a juggernaut
 56177 | Depths:5 | Reached skill level 10 in Dodging
 56193 | Depths:5 | Found a gate to the Realm of Zot.
 56401 | Depths:5 | Received a gift from Okawaru
 56445 | Depths:5 | Got a pair of faintly humming boots {god gift}
 56456 | Depths:5 | Identified the +1 pair of boots of Vyafe {rPois MR+ Str-4} (Okawaru gifted it to you on level 5 of the Depths)
 56583 | Depths:5 | Got a heavily runed lead ring
 56644 | Depths:5 | Identified the ring of Biyticka {MR- MP+9 Dex+7} (You took it off a frost giant on level 5 of the Depths)
 56647 | Depths:5 | Gained mutation: You evolve. [potion of beneficial mutation]
 56901 | Depths:5 | Reached XP level 25. HP: 223/223 MP: 34/34
 56958 | Depths:5 | Got a spiked cloak
 56976 | Depths:5 | Identified the +1 cloak of the Bull {Str+7} (You found it on level 5 of the Depths)
 57251 | Depths:5 | Received a gift from Okawaru
 57259 | Depths:5 | Noticed Mennas
 57277 | Depths:5 | Killed Mennas
 57277 | Depths:5 | Received a gift from Okawaru
 57293 | Depths:5 | Noticed a juggernaut
 57302 | Depths:5 | Killed a juggernaut
 57307 | Depths:5 | Received a gift from Okawaru
 57876 | Vaults:5 | Entered Level 5 of the Vaults
 57889 | Vaults:5 | Received a gift from Okawaru
 57891 | Vaults:5 | Noticed an ancient lich
 57904 | Vaults:5 | Gained mutation: You tend to lose your temper in combat. [evolution]
 57910 | Vaults:5 | Received a gift from Okawaru
 57924 | Vaults:5 | Killed an ancient lich
 58124 | Vaults:5 | Reached XP level 26. HP: 234/237 MP: 34/34
 58382 | Vaults:5 | Received a gift from Okawaru
 58481 | Vaults:5 | Got a steaming hat
 58482 | Vaults:5 | Identified the +0 hat "Hoyfuty" {rN++ Int+4} (You found it on level 5 of the Vaults)
 58523 | Vaults:5 | Received a gift from Okawaru
 58716 | Vaults:5 | Got a silver rune of Zot
 59857 | Temple   | Fell from the grace of Okawaru
 59857 | Temple   | Became a worshipper of Qazlal Stormbringer
 60044 | D:14     | Got a polished arbalest {god gift}
 60045 | D:14     | Identified the +10 arbalest of Evil {freeze, Int+2} (Okawaru gifted it to you on level 14 of the Dungeon)
 60395 | Zot:1    | Entered Level 1 of the Realm of Zot
 60656 | Zot:1    | Reached * piety under Qazlal
 60908 | Zot:1    | HP: 11/239 [titan[the fury of Okawaru] (13)]
 60938 | Zot:1    | HP: 8/239 [green draconian stormcaller (17)]
 61717 | Zot:1    | Reached ** piety under Qazlal
 61877 | Hell     | Entered the Vestibule of Hell
 61879 | Hell     | Noticed Geryon
 62038 | Hell     | Noticed Murray
 62732 | Depths:5 | Reached XP level 27. HP: 233/247 MP: 31/34
 63205 | Tomb:1   | Entered Level 1 of the Tomb of the Ancients
 63414 | Tomb:1   | Reached *** piety under Qazlal
 63540 | Tomb:1   | Noticed a greater mummy
 64530 | Tomb:1   | Killed a greater mummy
 64965 | Tomb:1   | Noticed an ancient lich
 64977 | Tomb:1   | Killed an ancient lich
 64978 | Tomb:1   | Gained mutation: You have large cloven feet. [potion of beneficial mutation]
 65016 | Tomb:1   | Was forgiven by Okawaru
 66226 | Tomb:1   | Identified Sif Muna's Compendium of the Mountains
 66334 | Tomb:2   | Noticed a greater mummy
 66334 | Tomb:2   | Noticed a greater mummy
 66334 | Tomb:2   | Noticed a greater mummy
 66334 | Tomb:2   | Noticed a greater mummy
 66709 | Crypt:2  | Reached **** piety under Qazlal
 67908 | Depths:5 | Killed Murray
 68768 | Depths:5 | Gained mutation: You are resistant to hostile enchantments. (MR+) [evolution]
 69073 | Depths:5 | Reached ***** piety under Qazlal
 69161 | Hell     | Killed Geryon
 69253 | Hell     | Found a gateway to the ashen valley of Gehenna.
 69319 | Hell     | Found a gateway to the Iron City of Dis.
 69370 | Hell     | Found a gateway to the freezing wastes of Cocytus.
 69440 | Hell     | Found a gateway to the decaying netherworld of Tartarus.
 69581 | Coc:1    | Entered Level 1 of Cocytus
 70405 | Zig:1    | Entered Level 1 of a ziggurat
 70420 | Zig:2    | Entered Level 2 of a ziggurat
 70447 | Zig:3    | Entered Level 3 of a ziggurat
 70457 | Zig:3    | Reached ****** piety under Qazlal
 70499 | Zig:3    | Got a smelly plate armour
 70500 | Zig:3    | Identified the +9 plate armour of Disguise {rPois Str+4} (You found it on level 3 of a ziggurat)
 70526 | Zig:4    | Entered Level 4 of a ziggurat
 70636 | Zig:5    | Entered Level 5 of a ziggurat
 70700 | Zig:6    | Entered Level 6 of a ziggurat
 70764 | Zig:6    | Got a dazzling arbalest
 70765 | Zig:6    | Identified the cursed +0 arbalest "Caokk" {velocity, rElec rF+ MR- Dex+3} (You found it on level 6 of a ziggurat)
 71017 | Zig:7    | Entered Level 7 of a ziggurat
 71031 | Zig:7    | Noticed an ancient lich
 71037 | Zig:7    | Paralysed by accursed screaming for 2 turns
 71041 | Zig:7    | Paralysed by accursed screaming for 2 turns
 71045 | Zig:7    | Paralysed by accursed screaming for 2 turns
 71168 | Zig:7    | Got a brightly glowing brass ring
 71170 | Zig:7    | Identified the ring "Loys" {*Tele rPois rC+ rN+ SInv} (You found it on level 7 of a ziggurat)
 71207 | Zig:8    | Entered Level 8 of a ziggurat
 71299 | Zig:8    | Got a transparent buckler
 71310 | Zig:8    | Identified the -5 buckler of Distant Worlds {rElec Dex+3} (You found it on level 8 of a ziggurat)
 71337 | Zig:9    | Entered Level 9 of a ziggurat
 71463 | Zig:9    | Got a polished scale mail
 71464 | Zig:9    | Identified the +2 scale mail of Zum Tilened {Str+4} (You found it on level 9 of a ziggurat)
 71466 | Zig:9    | Identified a +4 rod of ignition (11/11) (You found it on level 9 of a ziggurat)
 71475 | Zig:9    | Got an encrusted scimitar
 71476 | Zig:9    | Identified the cursed +1 scimitar of Gynaclex {drain, Int+4} (You found it on level 9 of a ziggurat)
 71483 | Zig:10   | Entered Level 10 of a ziggurat
 71496 | Zig:10   | Reached skill level 27 in Crossbows
 71583 | Zig:10   | Identified the Catalogue of Protection and Evil
 71591 | Zig:11   | Entered Level 11 of a ziggurat
 71608 | Zig:11   | Noticed Geots the pandemonium lord
 71677 | Zig:11   | Killed Geots the pandemonium lord
 71931 | Zig:12   | Entered Level 12 of a ziggurat
 71952 | Zig:12   | Noticed a greater mummy
 71954 | Zig:12   | Noticed a greater mummy
 71954 | Zig:12   | Noticed a greater mummy
 71959 | Zig:12   | Noticed a greater mummy
 71960 | Zig:12   | Noticed a greater mummy
 71961 | Zig:12   | Noticed a greater mummy
 71963 | Zig:12   | Noticed a greater mummy
 71976 | Zig:12   | Noticed a greater mummy
 71976 | Zig:13   | Entered Level 13 of a ziggurat
 72144 | Zig:13   | Learned a level 8 spell: Controlled Blink
 72153 | Zig:13   | Identified a +4 rod of shadows (9/9) (You found it on level 13 of a ziggurat)
 72196 | Zig:14   | Entered Level 14 of a ziggurat
 72337 | Zig:14   | Got a shimmering jade ring
 72344 | Zig:14   | Identified the ring "Yqi Ehuw" {rElec rF+ Dex+2 Stlth-} (You found it on level 14 of a ziggurat)
 72350 | Zig:14   | Reached skill level 1 in Spellcasting
 72350 | Zig:14   | Reached skill level 1 in Translocations
 72358 | Zig:14   | Got a faintly glowing marble ring
 72359 | Zig:14   | Identified the ring of Eklar {Wiz rN+ MR+} (You found it on level 14 of a ziggurat)
 72376 | Zig:15   | Entered Level 15 of a ziggurat
 72567 | Zig:16   | Entered Level 16 of a ziggurat
 72646 | Zig:16   | HP: 11/251 [titan (30)]
 72646 | Zig:16   | HP: 5/251 [spriggan air mage (6)]
 72866 | Zig:16   | Identified Sorcery for Dummies
 72909 | Zig:17   | Entered Level 17 of a ziggurat
 72915 | Zig:17   | Noticed varam's ghost (legendary GrFi)
 72984 | Zig:17   | Reached skill level 5 in Translocations
 72984 | Zig:17   | Killed varam's ghost
 73146 | Zig:17   | Identified the Incunabulum of Fetching Conjuration
 73160 | Zig:17   | Learned a level 9 spell: Tornado
 73171 | Zig:17   | Reached skill level 5 in Spellcasting
 73171 | Zig:17   | Reached skill level 1 in Air Magic
 73209 | Zig:17   | Got a fine scimitar
 73210 | Zig:17   | Identified the +4 scimitar of Innocence {flame, Int+4} (You found it on level 17 of a ziggurat)
 73222 | Zig:18   | Entered Level 18 of a ziggurat
 73242 | Zig:18   | Noticed Fynkyxutz the pandemonium lord
 73294 | Zig:18   | Identified the Reference Book on the Enthralling Compass
 73456 | Depths:3 | Gained mutation: You are covered in fur. (AC +1) [evolution]
 73502 | Depths:4 | Voluntarily entered the Abyss.
 73548 | Abyss:1  | Got a scorched tin amulet
 73549 | Abyss:1  | Identified the amulet of Jyobbacw {Gourm rN+ Int-2 Slay+2 Stlth+} (You found it on level 1 of the Abyss)
 73654 | Abyss:1  | Gained mutation: Your body sometimes deteriorates upon taking damage. [a neqoxec]
 73992 | Abyss:1  | Gained mutation: You regenerate slowly when monsters are visible. [a cacodemon]
 74039 | Abyss:1  | Paralysed by accursed screaming for 1 turns
 74207 | Abyss:1  | Gained mutation: You are frail. (-10% HP) [a neqoxec]
 74540 | Abyss:1  | Upgraded the game from 0.20-a0-251-g16a58bf to 0.20-a0-256-gabb291d
 75041 | Abyss:1  | Paralysed by accursed screaming for 1 turns
 75131 | Abyss:1  | Gained mutation: You are dopey. (Int -2) [a neqoxec]
 75144 | Abyss:1  | Gained mutation: You are weak. (Str -2) [a neqoxec]
 75158 | Abyss:1  | Gained mutation: Your magical capacity is low. (-10% MP) [a neqoxec]
 75168 | Abyss:1  | Lost mutation: You are dopey. (Int -2) [potion of cure mutation]
 75168 | Abyss:1  | Lost mutation: You are weak. (Str -2) [potion of cure mutation]
 75168 | Abyss:1  | Lost mutation: You are frail. (-10% HP) [potion of cure mutation]
 75168 | Abyss:1  | Lost mutation: Your magical capacity is low. (-10% MP) [potion of cure mutation]
 75168 | Abyss:1  | Lost mutation: Your body sometimes deteriorates upon taking damage. [potion of cure mutation]
 75233 | Abyss:1  | Paralysed by accursed screaming for 1 turns
 75242 | Abyss:1  | Paralysed by accursed screaming for 1 turns
 75587 | Abyss:1  | Paralysed by accursed screaming for 1 turns
 75803 | Abyss:1  | Gained mutation: Scrolls take you a little longer to read. [a neqoxec]
 75807 | Abyss:1  | Gained mutation: You are clumsy. (Dex -2) [a neqoxec]
 75960 | Abyss:1  | Reached skill level 10 in Translocations
 76108 | Abyss:1  | Paralysed by accursed screaming for 2 turns
 76259 | Depths:4 | Escaped the Abyss
 76374 | D:14     | Lost mutation: You are resistant to hostile enchantments. (MR+) [potion of cure mutation]
 76374 | D:14     | Lost mutation: You are very clumsy. (Dex -4) [potion of cure mutation]
 76374 | D:14     | Lost mutation: You regenerate slowly when monsters are visible. [potion of cure mutation]
 76375 | D:14     | Lost mutation: You tend to lose your temper in combat. [potion of cure mutation]
 76375 | D:14     | Lost mutation: Scrolls take you a little longer to read. [potion of cure mutation]
 76375 | D:14     | Lost mutation: You have large cloven feet. [potion of cure mutation]
 76375 | D:14     | Lost mutation: You evolve. [potion of cure mutation]
 76375 | D:14     | Lost mutation: You are covered in fur. (AC +1) [potion of cure mutation]
 76803 | Tomb:2   | Killed a greater mummy
 76956 | Tomb:1   | Killed a greater mummy
 76962 | Tomb:1   | Killed a greater mummy
 77143 | Tomb:1   | Killed a greater mummy
 77937 | Tomb:1   | Noticed a greater mummy
 77949 | Tomb:2   | Killed a greater mummy
 78009 | Tomb:1   | Noticed a greater mummy
 78015 | Tomb:1   | Killed a greater mummy
 78062 | Tomb:1   | Reached skill level 10 in Spellcasting
 78128 | Tomb:1   | Noticed a greater mummy
 78138 | Tomb:1   | Killed a greater mummy
 78220 | Tomb:1   | Noticed a greater mummy
 78239 | Tomb:1   | Killed a greater mummy
 78323 | Tomb:1   | Noticed a greater mummy
 78336 | Tomb:1   | Killed a greater mummy
 78354 | Tomb:1   | Noticed a greater mummy
 78358 | Tomb:1   | Killed a greater mummy
 78385 | Tomb:1   | Noticed a greater mummy
 78403 | Tomb:1   | Killed a greater mummy
 79500 | Tomb:3   | Entered Level 3 of the Tomb of the Ancients
 79520 | Tomb:3   | Noticed Boris
 79520 | Tomb:3   | Noticed Frederick
 79526 | Tomb:3   | Killed Frederick
 79526 | Tomb:3   | Killed Boris
 79533 | Tomb:3   | Noticed a greater mummy
 79680 | Tomb:3   | Noticed a greater mummy
 79684 | Tomb:3   | Noticed a greater mummy
 79685 | Tomb:3   | Noticed a greater mummy
 79685 | Tomb:3   | Noticed a greater mummy
 79685 | Tomb:3   | Noticed a greater mummy
 79687 | Tomb:3   | Noticed a greater mummy
 79874 | Tomb:3   | Noticed a greater mummy
 79874 | Tomb:3   | Noticed a greater mummy
 79874 | Tomb:3   | Killed a greater mummy
 79874 | Tomb:3   | Killed a greater mummy
 79874 | Tomb:3   | Killed a greater mummy
 79874 | Tomb:3   | Killed a greater mummy
 79874 | Tomb:3   | Killed a greater mummy
 79874 | Tomb:3   | Killed a greater mummy
 79874 | Tomb:3   | Killed a greater mummy
 79874 | Tomb:3   | Killed a greater mummy
 79874 | Tomb:3   | Killed a greater mummy
 80018 | Tomb:3   | Got a twisted scimitar
 80019 | Tomb:3   | Identified the +6 scimitar of Ecie {slice, +Rage rN+ Int+5} (You found it on level 3 of the Tomb of the Ancients)
 80026 | Tomb:3   | Identified a +1 pair of boots of running (You found it on level 3 of the Tomb of the Ancients)
 80033 | Tomb:3   | Got a warped platinum ring
 80102 | Tomb:3   | Got a faintly glowing marble ring
 80105 | Tomb:3   | Got a shimmering brass ring
 80107 | Tomb:3   | Identified the Compendium of the Traveller and Flight
 80147 | Tomb:3   | Got a golden rune of Zot
 80439 | Tomb:3   | Identified the ring of Buamis {+Fly rPois rN+ Slay+3} (You found it on level 3 of the Tomb of the Ancients)
 80441 | Tomb:3   | Identified the ring of the Hare {MR- Int+5 Stlth+} (You found it on level 3 of the Tomb of the Ancients)
 80443 | Tomb:3   | Identified the ring of the Cockroach {Fire SInv} (You found it on level 3 of the Tomb of the Ancients)
 80454 | Tomb:3   | Got a jade-encrusted ring mail
 80455 | Tomb:3   | Identified the +2 ring mail of Focus {Str+3 Dex+4} (You found it on level 3 of the Tomb of the Ancients)
 83704 | Zot:2    | Noticed an orb of fire
 84232 | Zot:2    | Gained mutation: Your magical capacity is low. (-10% MP) [an orb of fire]
 84245 | Zot:2    | Killed an orb of fire
 84245 | Zot:2    | Reached skill level 15 in Translocations
 84550 | Zot:2    | Noticed an ancient lich
 84559 | Zot:2    | Killed an ancient lich
 84991 | Zot:2    | Reached skill level 27 in Invocations
 85130 | Zot:2    | Identified the Tome of the Nocuous Snowflakes
 85988 | Zot:3    | Reached skill level 15 in Spellcasting
 86021 | Zot:3    | Noticed an orb of fire
 86041 | Zot:3    | Gained mutation: Scrolls take you a little longer to read. [an orb of fire]
 86042 | Zot:3    | Gained mutation: Your spells are a little easier to cast, but a little less powerful. [an orb of fire]
 86045 | Zot:3    | Killed an orb of fire
 86163 | Zot:3    | Noticed an orb of fire
 86170 | Zot:3    | Killed an orb of fire
 87850 | Zot:5    | Entered Level 5 of the Realm of Zot
 88050 | Zot:5    | Noticed an ancient lich
 88055 | Zot:5    | Killed an ancient lich
 88294 | Zot:5    | Noticed an ancient lich
 88881 | Slime:1  | Entered Level 1 of the Pits of Slime
 90923 | Slime:5  | Entered Level 5 of the Pits of Slime
 90943 | Slime:5  | Noticed the Royal Jelly
 91295 | Slime:5  | Killed the Royal Jelly
 91678 | Slime:5  | Reached skill level 5 in Air Magic
 91719 | Slime:5  | Got a shimmering wooden ring
 91721 | Slime:5  | Identified the ring of Qerato {+Fly rC+} (You found it on level 5 of the Pits of Slime)
 91767 | Slime:5  | Got a slimy rune of Zot
 91768 | Slime:5  | Identified Deunas's Compendium of Ensnaring Transformation
 91813 | Slime:5  | Identified the Disquisition on Self-Improvement
 91822 | Slime:5  | Learned a level 6 spell: Deflect Missiles
 91863 | Slime:5  | Gained mutation: Your spells are easier to cast, but less powerful. [potion of mutation]
 91864 | Slime:5  | Gained mutation: Scrolls take you longer to read. [potion of mutation]
 91864 | Slime:5  | Gained mutation: You have sharp toenails. [potion of mutation]
 92942 | Depths:2 | Got a faintly glowing lajatang {drain}
 92945 | Depths:2 | Identified the cursed +2 lajatang of Wyubaukotu {drain, rElec rF+ Str+4} (You took it off a fire giant on level 2 of the Depths)
 92991 | Pan      | Entered Pandemonium
 93143 | Pan      | Noticed Gich the pandemonium lord
 93168 | Pan      | Killed Gich the pandemonium lord
 93230 | Pan      | Got a demonic rune of Zot
 93536 | Pan      | Identified the Reference Book on Displacement and Evil Arts
 93582 | Pan      | Found an exit through the horrors of the Abyss.
 94406 | Pan      | Noticed Megune the pandemonium lord
 94409 | Pan      | Reached skill level 10 in Air Magic
 94425 | Pan      | Killed Megune the pandemonium lord
 94571 | Pan      | Found an exit through the horrors of the Abyss.
 95077 | Pan      | Learned a level 6 spell: Dispersal
 95240 | Pan      | Noticed Nauhunaj the pandemonium lord
 95246 | Pan      | Killed Nauhunaj the pandemonium lord
 95433 | Pan      | Found an exit through the horrors of the Abyss.
 95683 | Pan      | Gained mutation: You are frail. (-10% HP) [a neqoxec]
 95687 | Pan      | Lost mutation: Scrolls take you longer to read. [potion of cure mutation]
 95687 | Pan      | Lost mutation: You have sharp toenails. [potion of cure mutation]
 95687 | Pan      | Lost mutation: You are frail. (-10% HP) [potion of cure mutation]
 95687 | Pan      | Lost mutation: Your magical capacity is low. (-10% MP) [potion of cure mutation]
 95687 | Pan      | Lost mutation: Your spells are easier to cast, but less powerful. [potion of cure mutation]
 95687 | Pan      | Lost mutation: Scrolls take you a little longer to read. [potion of cure mutation]
 95827 | Pan      | Noticed Patueschysipn the pandemonium lord
 95835 | Pan      | Killed Patueschysipn the pandemonium lord
 95843 | Pan      | Found an exit through the horrors of the Abyss.
 97461 | Pan      | Found an exit through the horrors of the Abyss.
 97623 | Pan      | Noticed Nuamylic the pandemonium lord
 97641 | Pan      | Killed Nuamylic the pandemonium lord
 97641 | Pan      | Reached skill level 15 in Air Magic
 98167 | Pan      | Found an exit through the horrors of the Abyss.
 98410 | Pan      | Noticed Uwobetewn the pandemonium lord
 98414 | Pan      | Killed Uwobetewn the pandemonium lord
 99606 | Pan      | Noticed Jyurin the pandemonium lord
 99632 | Pan      | Killed Jyurin the pandemonium lord
 99652 | Pan      | Found an exit through the horrors of the Abyss.
100365 | Pan      | Gained mutation: You are clumsy. (Dex -2) [a cacodemon]
100388 | Pan      | Noticed Libirun the pandemonium lord
100405 | Pan      | Killed Libirun the pandemonium lord
101148 | Pan      | Identified the Collected Works on Enthralling Changing
101180 | Pan      | Found a runed door.
102092 | Pan      | Gained mutation: You are weak. (Str -2) [a cacodemon]
102099 | Pan      | Noticed Toguogh the pandemonium lord
102114 | Pan      | Killed Toguogh the pandemonium lord
102833 | Pan      | Found an exit through the horrors of the Abyss.
104334 | Pan      | Found a glowing silver altar of Zin.
104758 | Pan      | Noticed a seraph
105079 | Pan      | Killed a seraph
105248 | Pan      | Found a glowing golden altar of the Shining One.
105277 | Pan      | Got an iridescent great sword
105278 | Pan      | Identified the cursed +0 great sword "Ixoqe" {slice, Int+4} (You found it in Pandemonium)
106747 | Pan      | Found a white marble altar of Elyvilon.
107374 | Pan      | Got a brightly glowing large shield
107394 | Pan      | Identified the +3 large shield of Lies {rPois Int-4 Dex+6} (You took it off a daeva in Pandemonium)
107637 | Depths:3 | Escaped Pandemonium
107713 | Depths:1 | You paid a toll of 9 potions of agility to enter a treasure trove
107714 | Trove    | Entered a treasure trove
107730 | Trove    | Got a faintly glowing broad axe
107731 | Trove    | Identified the +1 broad axe of Pynascha {venom, Str+4} (You found it in a treasure trove)
107739 | Trove    | Got a pitted hand crossbow
107740 | Trove    | Identified the +1 hand crossbow of Quantum Leap {freeze, Str-2 Int+4 Stlth+} (You found it in a treasure trove)
107743 | Trove    | Got an ancient hand crossbow
107744 | Trove    | Identified the +5 hand crossbow of Action {penet, rF++ MR+ Str+9 Dex-3} (You found it in a treasure trove)
108516 | Zig:1    | Entered Level 1 of a ziggurat
108537 | Zig:2    | Entered Level 2 of a ziggurat
108559 | Zig:2    | Got a wavering lapis lazuli ring
108561 | Zig:2    | Identified the ring "Hesch" {EV+1 Dex+4} (You found it on level 2 of a ziggurat)
108583 | Zig:3    | Entered Level 3 of a ziggurat
108630 | Zig:4    | Entered Level 4 of a ziggurat
108634 | Zig:4    | Noticed an orb of fire
108648 | Zig:4    | Killed an orb of fire
108701 | Zig:5    | Entered Level 5 of a ziggurat
108912 | Zig:5    | Got a jewelled leather armour
108913 | Zig:5    | Identified the +2 leather armour of the Princeling {rPois rF+ Str-2 Dex+4} (You found it on level 5 of a ziggurat)
108918 | Zig:6    | Entered Level 6 of a ziggurat
109030 | Zig:7    | Entered Level 7 of a ziggurat
109185 | Zig:8    | Entered Level 8 of a ziggurat
109196 | Zig:8    | Noticed Coetox the pandemonium lord
109199 | Zig:8    | Killed Coetox the pandemonium lord
109449 | Zig:8    | Identified a -1 rod of ignition (9/9) (You found it on level 8 of a ziggurat)
109458 | Zig:9    | Entered Level 9 of a ziggurat
109535 | Zig:9    | Identified the Volume of Boosting Shape Shifting
109644 | Zig:9    | Got a spiked ring mail
109645 | Zig:9    | Identified the +2 ring mail of Mimuezoc {MR+ Slay-5 Stlth+} (You found it on level 9 of a ziggurat)
109657 | Zig:10   | Entered Level 10 of a ziggurat
109662 | Zig:10   | Noticed Tiulaeg the pandemonium lord
109698 | Zig:10   | Killed Tiulaeg the pandemonium lord
110002 | Zig:10   | Got a wavering bone ring
110003 | Zig:10   | Identified the Catalogue of the Foremost Mice
110028 | Zig:10   | Lost mutation: You are weak. (Str -2) [potion of cure mutation]
110028 | Zig:10   | Lost mutation: Your spells are a little easier to cast, but a little less powerful. [potion of cure mutation]
110028 | Zig:10   | Lost mutation: You are clumsy. (Dex -2) [potion of cure mutation]
110029 | Zig:10   | Gained mutation: You have a pair of small antennae on your head. [potion of beneficial mutation]
110030 | Zig:10   | Lost mutation: You have a pair of small antennae on your head. [potion of cure mutation]
110037 | Zig:10   | Got a serpentine lead amulet
110038 | Zig:10   | Identified the ring of Xom's Whimsicality {-Tele rPois Slay+4} (You found it on level 10 of a ziggurat)
110039 | Zig:10   | Identified the amulet of Ball {RegenMP rC+ Int+3 Dex+3} (You found it on level 10 of a ziggurat)
110050 | Zig:11   | Entered Level 11 of a ziggurat
110141 | Zig:11   | Identified a +5 rod of clouds (11/11) (You found it on level 11 of a ziggurat)
110145 | Zig:12   | Entered Level 12 of a ziggurat
110210 | Zig:12   | Got a fine wooden ring
110212 | Zig:12   | Identified the ring of Balance {Slay+3 Stlth-} (You found it on level 12 of a ziggurat)
110215 | Zig:12   | Identified the Guide on Supportive Heat
110233 | Zig:12   | Got a crude ring mail
110234 | Zig:12   | Identified the +4 ring mail of Negligence {rF+ rC+ Slay+3} (You found it on level 12 of a ziggurat)
110244 | Zig:13   | Entered Level 13 of a ziggurat
110381 | Zig:14   | Entered Level 14 of a ziggurat
110390 | Zig:14   | Noticed Raclexey the pandemonium lord
110390 | Zig:14   | Noticed Cupon the pandemonium lord
110392 | Zig:14   | Noticed Dypsisat the pandemonium lord
110396 | Zig:14   | Killed Dypsisat the pandemonium lord
110396 | Zig:14   | Killed Raclexey the pandemonium lord
110407 | Zig:14   | Killed Cupon the pandemonium lord
110444 | Zig:14   | Got a faintly glowing pewter amulet
110455 | Zig:14   | Identified the amulet "Xitiotif" {Spirit rC+ MR+ Stlth+} (You found it on level 14 of a ziggurat)
110461 | Zig:14   | Identified the Volume of Destructive Dark Arts
110479 | Zig:14   | Got a transparent large shield
110490 | Zig:14   | Identified the +5 large shield of Oxuakku {rElec} (You found it on level 14 of a ziggurat)
110514 | Zig:14   | Got a jacinth-encrusted plate armour
110515 | Zig:14   | Identified the +13 plate armour of Mezcal {rF+ MR+ Stlth+} (You found it on level 14 of a ziggurat)
110585 | Zig:15   | Entered Level 15 of a ziggurat
110749 | Zig:15   | Identified Sif Muna's Catalogue of Damaging Shape Shifting
110753 | Zig:15   | Identified Further Progress in Thaumaturgy
110780 | Zig:16   | Entered Level 16 of a ziggurat
110780 | Zig:16   | Noticed GameOver's ghost (legendary NaSu)
110782 | Zig:16   | Noticed Vedi the pandemonium lord
110783 | Zig:16   | Noticed Fonnuit the pandemonium lord
110783 | Zig:16   | Noticed Fin Rymugg the pandemonium lord
110783 | Zig:16   | Noticed Ecoafon the pandemonium lord
110788 | Zig:16   | Killed Ecoafon the pandemonium lord
110794 | Zig:16   | Killed Fonnuit the pandemonium lord
110797 | Zig:16   | Killed Vedi the pandemonium lord
110812 | Zig:16   | Killed Fin Rymugg the pandemonium lord
110815 | Zig:16   | Got a crude turquoise ring
110819 | Zig:17   | Entered Level 17 of a ziggurat
110997 | Zig:17   | Got a crude steel ring
110999 | Zig:17   | Identified the ring of Wisa {Wiz rC+ MP+9 Str+2} (You found it on level 16 of a ziggurat)
111001 | Zig:17   | Identified the ring of Sounu {rN+ Str+4 Int+4} (You found it on level 17 of a ziggurat)
111034 | Zig:18   | Entered Level 18 of a ziggurat
111181 | Zig:18   | Identified Wott's Incunabulum of Fetching Changing
111197 | Zig:18   | Learned a level 8 spell: Necromutation
111226 | Zig:19   | Entered Level 19 of a ziggurat
111241 | Zig:19   | Noticed Yppawo Gito the pandemonium lord
111242 | Zig:19   | Noticed Kuit the pandemonium lord
111242 | Zig:19   | Noticed Pyteroq the pandemonium lord
111242 | Zig:19   | Noticed Kugaschun the pandemonium lord
111242 | Zig:19   | Noticed Loip the pandemonium lord
111242 | Zig:19   | Noticed Hatonne the pandemonium lord
111242 | Zig:19   | Noticed Fuptot the pandemonium lord
111242 | Zig:19   | Noticed Fatyosit the pandemonium lord
111243 | Zig:19   | Killed Kugaschun the pandemonium lord
111243 | Zig:19   | Reached skill level 1 in Transmutations
111243 | Zig:19   | Killed Hatonne the pandemonium lord
111243 | Zig:19   | Killed Loip the pandemonium lord
111246 | Zig:19   | Noticed Unoara the pandemonium lord
111250 | Zig:19   | Reached skill level 5 in Necromancy
111250 | Zig:19   | Killed Kuit the pandemonium lord
111250 | Zig:19   | Reached skill level 5 in Transmutations
111250 | Zig:19   | Killed Fuptot the pandemonium lord
111250 | Zig:19   | Killed Pyteroq the pandemonium lord
111250 | Zig:19   | Killed Yppawo Gito the pandemonium lord
111250 | Zig:19   | Killed Fatyosit the pandemonium lord
111289 | Zig:19   | Killed Unoara the pandemonium lord
111390 | Zig:19   | Got a brightly glowing buckler
111391 | Zig:19   | Identified the +0 buckler of Inaction {rN+ rCorr} (You found it on level 19 of a ziggurat)
111413 | Zig:20   | Entered Level 20 of a ziggurat
111461 | Zig:20   | Reached skill level 10 in Necromancy
111548 | Zig:20   | Identified the Handbook of Floating Transmigration
111554 | Zig:20   | Got a faintly glowing silver amulet
111555 | Zig:20   | Identified the amulet "Kavetub" {Inacc Int+4} (You found it on level 20 of a ziggurat)
111564 | Zig:20   | Identified the Tome of the Poisonous Frostbite
111581 | Zig:20   | Identified the amulet "Lotuowk" {Harm *Drain MR+ Dex+2} (You found it on level 20 of a ziggurat)
111594 | Zig:20   | Identified a +6 rod of clouds (10/10) (You found it on level 20 of a ziggurat)
111619 | Zig:20   | Got an encrusted chain mail
111620 | Zig:20   | Identified the cursed +0 chain mail of Activism {rF+ Int+7} (You found it on level 20 of a ziggurat)
111629 | Zig:21   | Entered Level 21 of a ziggurat
111647 | Zig:21   | Reached skill level 10 in Transmutations
111772 | Zig:21   | Got a pair of scorched boots
111783 | Zig:21   | Identified the +1 pair of boots "Qercheihi" {+Inv rElec} (You acquired it on level 21 of a ziggurat)
111798 | Zig:21   | Identified a +3 rod of ignition (10/10) (You found it on level 21 of a ziggurat)
111801 | Zig:21   | Got a fine lapis lazuli ring
111803 | Zig:21   | Identified the ring "Gipisoti" {+Blink rF+ Slay+5} (You found it on level 21 of a ziggurat)
111829 | Zig:21   | Identified the Tome of Captivating Air
111837 | Zig:22   | Entered Level 22 of a ziggurat
112103 | Zig:22   | Got a scorched golden ring
112105 | Zig:22   | Identified the ring "Keboum" {Fire +Inv Int+2} (You found it on level 22 of a ziggurat)
112122 | Zig:22   | Identified the Catalogue of the Mackerel
112152 | Zig:23   | Entered Level 23 of a ziggurat
112165 | Zig:23   | Noticed Xutytut the pandemonium lord
112167 | Zig:23   | Noticed Jidyesurph the pandemonium lord
112168 | Zig:23   | Noticed Sutziewk the pandemonium lord
112168 | Zig:23   | Noticed Abisu the pandemonium lord
112168 | Zig:23   | Noticed Umefoirph the pandemonium lord
112168 | Zig:23   | Noticed Kuufemm the pandemonium lord
112168 | Zig:23   | Noticed Orewec the pandemonium lord
112168 | Zig:23   | Noticed Kiwn the pandemonium lord
112169 | Zig:23   | Noticed Wiytefab the pandemonium lord
112169 | Zig:23   | Noticed Ysixtefipt the pandemonium lord
112169 | Zig:23   | Noticed Sakkah the pandemonium lord
112169 | Zig:23   | Noticed Ekask the pandemonium lord
112170 | Zig:23   | Noticed Rufuvuxo the pandemonium lord
112170 | Zig:23   | Noticed Unkiasmi the pandemonium lord
112170 | Zig:23   | Noticed Muoxeica the pandemonium lord
112170 | Zig:23   | Noticed Joodd the pandemonium lord
112172 | Zig:23   | Noticed Veepil the pandemonium lord
112172 | Zig:23   | Killed Sakkah the pandemonium lord
112172 | Zig:23   | Killed Kuufemm the pandemonium lord
112172 | Zig:23   | Killed Rufuvuxo the pandemonium lord
112172 | Zig:23   | Reached skill level 15 in Necromancy
112174 | Zig:23   | Killed Kiwn the pandemonium lord
112183 | Zig:23   | Noticed Lual the pandemonium lord
112185 | Zig:23   | Killed Joodd the pandemonium lord
112185 | Zig:23   | Killed Abisu the pandemonium lord
112186 | Zig:23   | Noticed Nedi the pandemonium lord
112186 | Zig:23   | Killed Muoxeica the pandemonium lord
112190 | Zig:23   | Noticed Ycviylef the pandemonium lord
112191 | Zig:23   | Killed Sutziewk the pandemonium lord
112201 | Zig:23   | Killed Ycviylef the pandemonium lord
112202 | Zig:23   | Killed Wiytefab the pandemonium lord
112204 | Zig:23   | Killed Ekask the pandemonium lord
112219 | Zig:23   | Killed Umefoirph the pandemonium lord
112223 | Zig:23   | Gained mutation: You regenerate slowly when monsters are visible. [a neqoxec]
112234 | Zig:23   | Killed Orewec the pandemonium lord
112240 | Zig:23   | Killed Xutytut the pandemonium lord
112241 | Zig:23   | Killed Veepil the pandemonium lord
112249 | Zig:23   | Killed Lual the pandemonium lord
112249 | Zig:23   | Killed Jidyesurph the pandemonium lord
112249 | Zig:23   | Killed Ysixtefipt the pandemonium lord
112249 | Zig:23   | Reached skill level 15 in Transmutations
112295 | Zig:23   | Killed Nedi the pandemonium lord
112323 | Zig:23   | Killed Unkiasmi the pandemonium lord
112340 | Zig:23   | Identified the Compendium of Boosting Beguiling
112375 | Zig:23   | Gained mutation: You are agile. (Dex +2) [potion of beneficial mutation]
112559 | Zig:23   | Got a jewelled plate armour
112560 | Zig:23   | Identified the +2 plate armour of Subjectivity {rElec Int+2 Dex+6} (You found it on level 23 of a ziggurat)
112590 | Zig:24   | Entered Level 24 of a ziggurat
112618 | Zig:24   | HP: 11/254 [emperor scorpion (9)]
112618 | Zig:24   | Slain by a ghost moth

Vault maps used:
D:1:      evilmike_arrival_plus, minmay_tetromino_l4
D:2:      first_bread, uniq_crazy_yiuf_cottage
D:4:      uniq_eustachio, uniq_duvessa
D:6:      lemuel_flame_loot_1, uniq_edmund
D:7:      basic_altar, uniq_pikel, uniq_menkaure
D:8:      cheibrodos_elevator_heist, grunt_lair_entry_orc_guard_hut,
          basic_altar, minmay_tree_intersection
D:9:      david_nohive_1
D:10:     orc_david_3, serial_shops, nicolae_shop_trees, wad_mini_maze
D:11:     uniq_josephine
D:12:     dragon1_lemuel
D:13:     evilmike_ruin_ashenzari
D:14:     erik_vaults_2, nicolae_lava_and_water, minmay_hidden_floor
D:15:     grunt_enter_depths_magical_seal
Temple:   nicolae_temple_the_god_donut
Lair:2:   regret_index_tunnel_blossom
Lair:3:   minmay_swamp_entry_swarm, beast_lair_carwin_10, grunt_megastairs_5,
          uniq_nergalle
Lair:4:   statuecave_lemuel, beast_lair_carwin_2, uniq_nessos
Lair:5:   slime_altar_1
Lair:6:   minmay_lair_end_enchanted_forest,
          portal_ice_cave_entry_animals_and_master
Swamp:1:  evilmike_swamp_ruin_house_6
Swamp:2:  nicolae_swamp_godswood
Swamp:3:  evilmike_swamp_ruin_house_5, infiniplex_staircase_pool
Swamp:4:  swamp_pestilence, swamp_pool2, roderic_carrion_pond
Snake:1:  nrook_guardian_serpent_snake_passage, nrook_guardian_serpent_double,
          uniq_azrael
Snake:2:  uniq_aizul
Snake:3:  uniq_vashnia
Snake:4:  grunt_snake_rune_pools
Slime:1:  cheibrodos_slime_lost_civilization_5
Slime:3:  nicolae_slime_barrier, cheibrodos_slime_lost_civilization_4
Orc:1:    uniq_urug, uniq_snorg
Orc:2:    grunt_orc_tribal_feast
Elf:1:    minmay_elf_arrival_plus, hangedman_elf_represent, minivault_26,
          nicolae_elf_big_sculpture_1
Elf:2:    uniq_louise, uniq_saint_roka, uniq_nikola
Elf:3:    minmay_elf_hall, serial_shops, nicolae_shop_trees, shop_statue,
          nicolae_shop_window_shopping, onia_ninara_cookie
Vaults:1: hangedman_vaults_unwind, nicolae_vaults_little_ls, vaults_dpeg_hooks,
          hangedman_vaults_restitches, nicolae_vaults_network_periphery,
          vaults_room_semicircle, nicolae_vaults_specimen_jars,
          ontoclasm_vaults_ligature
Vaults:2: nicolae_vaults_quadrants, nicolae_vaults_little_squares_2, v_misc_31,
          hangedman_vaults_locks, hangedman_vaults_restitches,
          grunt_vaults_focal, v_alt_pattern_6, ontoclasm_vaults_decontamination,
          hangedman_vaults_impose, ontoclasm_vaults_loading_screen, uniq_boris,
          uniq_mara
Vaults:3: vaults_dpeg_cross, v_pattern_1,
          vaults_standard_mumra_enter_the_diamond, vaults_dpeg_ring,
          nicolae_vaults_big_ls, nicolae_vaults_three_branches,
          vaults_standard_mumra_x, ontoclasm_vaults_gateway,
          nicolae_vaults_c_with_doors, nicolae_vaults_little_squares_2,
          nicolae_vaults_what_the_h, nicolae_vaults_asterisk,
          blue_anna_dwarven_crypt, uniq_bai_suzhen
Vaults:4: ontoclasm_vaults_eye, v_misc_12, v_misc_8, hangedman_vaults_stagger,
          v_misc_4, vaults_mumra_hexcomb, v_alt_pattern_3,
          nicolae_vaults_an_arrangement, nicolae_vaults_yaktaur_gun_rack,
          ontoclasm_vaults_idyll, grunt_vaults_hallway_long,
          ontoclasm_vaults_ring_large
Vaults:5: serial_shops
Crypt:1:  nicolae_crypt_ancient_font, grunt_ministairs_3,
          grunt_crypt_arrival_webbed
Crypt:3:  grunt_crypt_end_deaths_head
Tomb:3:   uniq_boris, uniq_frederick
Depths:1: roderic_greek_sauvastika, nicolae_trove_entry_diagonal,
          pf_coc_iceberg, serial_shops, freezing_bzr, kennysheep_generic_room_2,
          serial_bayou_shore_a, serial_bayou_shore_b
Depths:2: minmay_fractal_lines_corner, hell_entry, kennysheep_nondescript,
          eino_small_chamber_without_monster, kilobyte_mutagenic_chamber,
          uniq_sojobo
Depths:3: kennysheep_bubbly, enter_ziggurat_c, serial_bayou_lagoon_a,
          rand_demon_pan_entry_8, hell_entry, basic_stair_grate_trap, uniq_jory,
          uniq_jorgrun
Depths:4: kennysheep_six_static_rooms, hell_entry, abyss_entry_flame_altar,
          infiniplex_staircase_pool_1
Depths:5: hangedman_slaughterboxes, abyss_entry, hell_entry, uniq_mennas
Zot:1:    lemuel_draconian_sentries, grunt_megastairs_2
Zot:2:    hangedman_zot_vaults_quadrants, hangedman_zot_decor_scrapings,
          st_small_dragon_hoard_2, st_stairs_1
Zot:3:    lemuel_acid_trip, zot_minivault_1
Pan:      grunt_pan_sceptre, nicolae_pan_cerebovesque_3, rand_demon_6,
          grunt_pan_in_and_out, rand_demon_1, nicolae_pan_sigil_uleosi,
          evilmike_mini_pan_corner, nicolae_pan_hourglass, rand_demon_2,
          pan_blood_fountain, regret_index_pan_draining_boxed,
          nicolae_pan_sigil_nadil, grunt_pan_pentagram, pan_blood_fountain,
          evilmike_holy_pan
Zig:6:    ziggurat_pillar_centre_c
Zig:8:    ziggurat_pillar_centre_dead_trees
Zig:12:   ziggurat_pillar_centre_oklobs
Zig:16:   ziggurat_pillar_centre_smoke
Zig:24:   ziggurat_pillar_centre_more_plants
Bazaar:   bazaar_jpeg_circle_rare_5
Trove:    trove_weapon_1
IceCv:    ice_cave_tombish

Skill      XL: |  1  2  3  4  5  6  7  8  9 10 11 12 13 14 15 16 17 18 19 20 21 22 23 24 25 26 27 |
---------------+----------------------------------------------------------------------------------+-----
Stealth        | 1 |  1.2
Crossbows      | 4 5 6 7 9 10 11 12 13 14 16 17 18 20 21 22 23 24 25 26 27 | 27.0
Armour         | 1 2 3 5 6 7 8 9 10 11 12 13 | 13.9
Dodging        | 2 3 5 6 7 8 9 10 11 14 | 14.4
Fighting       | 3 4 5 7 9 10 11 12 13 15 16 17 18 19 20 21 22 24 | 24.1
Shields        | 1 3 4 5 6 7 8 9 11 15 16 17 18 19 20 24 | 24.3
Invocations    | 3 7 8 9 11 13 14 15 27 | 27.0
Unarmed Combat | 2 3 |  3.6
Spellcasting   | 20 | 20.1
Translocations | 19 | 19.2
Air Magic      | 26 | 26.8
Necromancy     | 17 | 17.7
Transmutations | 15 | 15.3

Action                   |  1- 3 |  4- 6 |  7- 9 | 10-12 | 13-15 | 16-18 | 19-21 | 22-24 | 25-27 || total
-------------------------+-------+-------+-------+-------+-------+-------+-------+-------+-------++-------
Melee: Quarterstaff      |       |       |    29 |   262 |       |       |       |       |       ||   291
       Hand crossbow     |       |       |       |       |     6 |     4 |     2 |       |    12 ||    24
       Glaive            |       |       |       |       |    11 |    31 |       |       |       ||    42
       Headbutt          |       |       |       |       |     2 |       |       |       |       ||     2
       Unarmed           |       |       |       |       |       |    80 |       |       |       ||    80
       Double sword      |       |       |       |       |       |       |       |       |   639 ||   639
 Fire: Hand crossbow     |    63 |   136 |   305 |   398 |  1372 |  1322 |  1663 |  2178 |  8415 || 15852
       Arbalest          |       |       |       |    99 |    23 |       |       |       |       ||   122
 Cast: Tornado           |       |       |       |       |       |       |       |       |    20 ||    20
       Controlled Blink  |       |       |       |       |       |       |       |       |    16 ||    16
       Deflect Missiles  |       |       |       |       |       |       |       |       |     7 ||     7
       Dispersal         |       |       |       |       |       |       |       |       |     3 ||     3
       Necromutation     |       |       |       |       |       |       |       |       |     2 ||     2
Invok: Heroism           |       |       |       |     1 |     6 |    17 |    17 |    13 |     2 ||    56
       Finesse           |       |       |       |       |       |       |     3 |     1 |     2 ||     6
       Disaster Area     |       |       |       |       |       |       |       |       |    29 ||    29
       Upheaval          |       |       |       |       |       |       |       |       |    23 ||    23
 Abil: End Transformatio |       |       |       |       |       |       |       |       |     1 ||     1
Evoke: Wand              |       |       |       |     8 |     5 |     3 |     3 |       |    53 ||    72
       Phial of floods   |       |       |       |     2 |     3 |     2 |       |       |       ||     7
       Phantom mirror    |       |       |       |       |       |       |     1 |       |       ||     1
       Box of beasts     |       |       |       |       |       |       |       |       |     8 ||     8
       Fan of gales      |       |       |       |       |       |       |       |       |     3 ||     3
       Rod               |       |       |       |       |       |       |       |       |     2 ||     2
       Horn of Geryon    |       |       |       |       |       |       |       |       |     1 ||     1
       Disc of storms    |       |       |       |       |       |       |       |       |     1 ||     1
       Figurine of a zig |       |       |       |       |       |       |       |       |     1 ||     1
  Use: Scroll            |       |     7 |    20 |     9 |    13 |    15 |    19 |    13 |   105 ||   201
       Potion            |       |       |     3 |     4 |     8 |     8 |     3 |     2 |    71 ||    99
 Stab: Petrified         |       |       |       |    12 |       |       |       |       |       ||    12
       Paralysed         |       |       |       |    11 |       |       |       |       |       ||    11
       Petrifying        |       |       |       |     2 |       |       |       |       |       ||     2
       Confused          |       |       |       |     1 |       |       |       |       |       ||     1
       Sleeping          |       |       |       |     1 |       |       |       |       |       ||     1
       Distracted        |       |       |       |       |       |     1 |       |       |       ||     1
  Eat: Meat ration       |       |     1 |     2 |     2 |     3 |     6 |     4 |     6 |    22 ||    46
       Fruit             |       |     1 |       |       |     1 |     1 |       |       |       ||     3
       Beef jerky        |       |       |     1 |     2 |     3 |     2 |     4 |     2 |     5 ||    19
       Chunk             |       |       |       |     3 |     3 |       |     2 |       |     1 ||     9
       Pizza             |       |       |       |     2 |     2 |       |     1 |       |     6 ||    11
       Royal jelly       |       |       |       |     1 |     2 |     2 |     1 |     1 |    18 ||    25
       Bread ration      |       |       |       |       |       |       |       |       |    10 ||    10
Armor: Leather armour    |     4 |       |       |       |       |       |       |       |       ||     4
       Ring mail         |       |    23 |    49 |   193 |    43 |       |       |       |       ||   308
       Skin              |       |       |       |    37 |       |       |       |       |       ||    37
       Chain mail        |       |       |       |       |   174 |    86 |       |       |       ||   260
       Scale mail        |       |       |       |       |       |    95 |   123 |   236 |  1597 ||  2051
Dodge: Dodged            |    15 |    12 |    39 |   359 |   185 |   289 |   353 |   663 |  3400 ||  5315
       Deflected         |       |       |       |       |       |       |       |       |   180 ||   180
Block: Large shield      |       |    30 |   108 |    25 |   186 |       |       |       |       ||   349
       Reflection        |       |       |     4 |       |    38 |    36 |    24 |     2 |    31 ||   135
       Other             |       |       |     1 |    51 |       |    18 |       |       |     5 ||    75
       Buckler           |       |       |       |    49 |       |       |       |       |       ||    49
       Shield            |       |       |       |       |   394 |   560 |   725 |  1185 |  7879 || 10743
       Rpst.: Double sword |       |       |       |       |       |       |       |       |    82 ||    82
